 Dungeon Crawl Stone Soup version 0.21-a0-404-g291f19a (console) character file.

2154030 Slowdrip the Skullcrusher (level 27, 300/300 HPs)
             Began as a Minotaur Chaos Knight on Oct 25, 2017.
             Escaped with the Orb
             ... and 4 runes on Oct 28, 2017!
             The game lasted 09:28:06 (86536 turns).

Slowdrip the Skullcrusher (Minotaur Chaos Knight)  Turns: 86536, Time: 09:28:07

Health: 300/300    AC: 28    Str: 30    XL:     27
Magic:  29/29      EV: 33    Int: 11    God:    Xom [.*....]
Gold:   5308       SH: 42    Dex: 25    Spells: 27/36 levels left

rFire    + + .     SeeInvis +   a - +9 eveningstar (crush)
rCold    + + .     Gourm    .   W - +10 large shield of Ignorance {rN+ Int-4}
rNeg     + . .     Faith    .   f - +5 scale mail of Weirdness {SInv}
rPois    .         Spirit   .   (helmet restricted)
rElec    +         Reflect  +   F - +2 cloak {MR+}
rCorr    .         Harm     .   K - +2 pair of gloves {Dex+3}
MR       ++++.     Clarity  +   C - +2 pair of boots
Stlth    +.........             H - +4 amulet of reflection
HPRegen  0.60/turn              X - ring of Gioq {rF- rC++ Int+5 Stlth-}
MPRegen  0.21/turn              q - ring of Hedonism {Wiz *Contam rElec Str+9 Slay+5, =R}

@: no status effects
A: retaliatory headbutt, claws 1, horns 2, repulsion field 1, molten scales 1,
agile 2, blink, clarity, fire resistance 3, magic resistance 1, sense
surroundings 1, robust 1, electricity resistance, wild magic 1, evolution 1,
sturdy frame 1
0: Orb of Zot
}: 4/15 runes: serpentine, barnacled, slimy, silver
a: Blink, Renounce Religion


You escaped.
You worshipped Xom.
You were a plaything of Xom.
You were not hungry.

You visited 11 branches of the dungeon, and saw 57 of its levels.
You visited the Abyss 1 time.
You visited 2 bazaars.
You also visited: Labyrinth, Ice Cave, Volcano and Desolation.

You collected 8909 gold pieces.
You spent 3601 gold pieces at shops.

Inventory:

Hand Weapons
 a - a +9 eveningstar of crushing (weapon)
 b - a +4 sacred scourge of holy wrath
Missiles
 Z - 4 throwing nets {=f}
Armour
 c - the +4 ring mail of Oczierul {*Slow rC++ Str+3}
   (You bought it in a shop in a bazaar)

   It affects your strength (+3).
   It greatly protects you from cold.
   It may slow you when you take damage.
 f - the +5 scale mail of Weirdness (worn) {SInv}
   (You found it on level 5 of the Pits of Slime)

   It lets you see invisible.
 o - a scarf of repulsion
 v - the +1 scale mail of Fun {rElec rF++ rC-}
   (You bought it in a shop in a bazaar)

   It greatly protects you from fire.
   It makes you vulnerable to cold.
   It insulates you from electricity.
 C - a +2 pair of boots (worn)
 F - a +2 cloak of magic resistance (worn)
 I - the +0 pearl dragon scales of Ziczasea {+Inv rElec rC- rN+ Stlth+}
   (You found it on level 3 of the Elven Halls)

   It makes you vulnerable to cold.
   It insulates you from electricity.
   It protects you from negative energy.
   It lets you turn invisible.
   It makes you more stealthy.
 K - a +2 pair of gloves of dexterity (worn)
 L - the +4 moon troll leather armour {Spirit, Regen++ MP+5}
   (You took it off a deep elf mage on level 3 of the Elven Halls)

   It affects your magic capacity (+5).
   It increases your rate of regeneration.
 W - the +10 large shield of Ignorance (worn) {rN+ Int-4}
   (You bought it in a shop in a bazaar)

   It affects your intelligence (-4).
   It protects you from negative energy.
Jewellery
 d - the ring "Jeangoal" {rPois MR+ Int+3 Dex+4}
   (You took it off a deep elf demonologist on level 4 of the Depths)

   [ring of poison resistance]

   It affects your intelligence (+3).
   It affects your dexterity (+4).
   It protects you from poison.
   It affects your resistance to hostile enchantments.
 g - an uncursed ring of resist corrosion
 h - the ring of Inaec {*Tele rElec rN+++ Stlth-}
   (You found it on level 2 of the Depths)

   [ring of teleportation]

   It may teleport you next to monsters.
   It insulates you from electricity.
   It renders you almost immune to negative energy.
   It makes you less stealthy.
 l - an uncursed ring of flight
 n - the amulet of Quett {+Rage rF+}
   (You found it on level 2 of the Depths)

   [amulet of rage]

   It protects you from fire.
   It lets you go berserk.
 q - the ring of Hedonism (right hand) {Wiz *Contam rElec Str+9 Slay+5, =R}
   (You found it in the Desolation of Salt)

   [ring of wizardry]

   It improves your spell success rate.
   It affects your strength (+9).
   It affects your accuracy and damage with ranged weapons and melee attacks
   (+5).
   It insulates you from electricity.
   It causes magical contamination when unequipped.
 r - the ring "Tiahefod" {rElec rF++ rN+ Dex-5 Stlth+}
   (You took it off a deep elf mage on level 3 of the Elven Halls)

   [ring of positive energy]

   It affects your dexterity (-5).
   It greatly protects you from fire.
   It insulates you from electricity.
   It protects you from negative energy.
   It makes you more stealthy.
 s - an uncursed ring of see invisible {god gift}
 u - the ring of Qasair {rN+ Dex+3}
   (You found it in the Desolation of Salt)

   [ring of dexterity]

   It affects your dexterity (+3).
   It protects you from negative energy.
 y - a +3 ring of slaying
 G - the ring of the Unstoppable Lies {AC+5 Dex+3}
   (You found it in the Desolation of Salt)

   [ring of protection]

   It affects your AC (+5).
   It affects your dexterity (+3).
 H - a +4 amulet of reflection (around neck)
 X - the ring of Gioq (left hand) {rF- rC++ Int+5 Stlth-}
   (You found it on level 2 of the Depths)

   [ring of loudness]

   It affects your intelligence (+5).
   It makes you vulnerable to fire.
   It greatly protects you from cold.
   It makes you less stealthy.
 Y - the ring of Attitude {*Drain rF+ AC+1 Slay+4}
   (You found it on level 5 of the Pits of Slime)

   [ring of protection]

   It affects your AC (+1).
   It affects your accuracy and damage with ranged weapons and melee attacks
   (+4).
   It protects you from fire.
   It causes draining when unequipped.
Wands
 A - a wand of digging (7/24)
Scrolls
 k - 3 scrolls of fear
 w - 29 scrolls of remove curse
 x - 5 scrolls of holy word
 B - 5 scrolls of blinking
 M - a scroll of magic mapping
 N - 6 scrolls of silence
 O - 2 scrolls of fog
 R - 22 scrolls of identify
 T - 22 scrolls of teleportation
Potions
 i - a potion of heal wounds
 m - a potion of haste
 t - 3 potions of cancellation
 E - 12 potions of mutation {!q}
 J - 3 potions of resistance
 P - a potion of might
 Q - 9 potions of curing
 S - 2 potions of invisibility
Miscellaneous
 j - a fan of gales
 U - 6 boxes of beasts
 V - 3 phantom mirrors
Comestibles
 e - 28 fruits
 p - 12 royal jellies
 z - 9 meat rations


   Skills:
 O Level 27 Fighting
 O Level 27 Maces & Flails
 - Level 15.2 Armour
 - Level 20.0 Dodging
 - Level 10.9 Stealth
 - Level 25.0 Shields
 - Level 5.0 Spellcasting
 + Level 13.4 Hexes
 + Level 13.4 Charms
 - Level 7.0 Evocations


You had 27 spell levels left.
You knew the following spells:

 Your Spells              Type           Power        Failure   Level  Hunger
a - Spectral Weapon       Hex/Chrm       #####...     1%          3    ###....
b - Infusion              Chrm           ####         1%          1    None
c - Regeneration          Chrm/Necr      ###.......   3%          3    ###....
y - Song of Slaying       Chrm           #####...     1%          2    ##.....


Dungeon Overview and Level Annotations

Branches:
Dungeon (15/15)            Temple (0/1) D:6            Lair (6/6) D:9
 Shoals (4/4) Lair:4        Snake (4/4) Lair:3        Slime (5/5) Lair:6
    Orc (2/2) D:12            Elf (3/3) Orc:2        Vaults (5/5) D:14
  Crypt (3/3) Vaults:3       Tomb (0/3) Crypt:3      Depths (5/5) D:15
    Zot (5/5) Depths:5

Altars:
Ashenzari
Fedhas
Hepliaklqana
Kikubaaqudgha
Okawaru
Ru
Xom
Yredelemnul
Jiyva

Shops:
D:6 *   D:13 :   Orc:2 ?%(:   Shoals:4 :   Snake:3 [(=?   Depths:1 }}

Portals:
Hell: Depths:1 Depths:2 Depths:3 Depths:4 Depths:5
Abyss: Depths:1 Depths:3 Depths:4 Depths:5
Pandemonium: Orc:2 Depths:2 Depths:3 Depths:4
Ziggurat: Depths:3

Annotations:
Zot:5 exclusion: obsidian statue


Innate Abilities, Weirdness & Mutations

You reflexively headbutt those who attack you in melee.
You have a pair of horns on your head.
You have sharp fingernails.
You are surrounded by a mild repulsion field. (EV +2)
You are partially covered in molten scales. (AC +2)
You are very agile. (Dex +4)
You can translocate small distances at will.
You possess an exceptional clarity of mind.
Your flesh is almost immune to the effects of heat. (rF+++)
You are resistant to hostile enchantments. (MR+)
You passively map a small area around you.
You are robust. (+10% HP)
You are resistant to electric shocks. (rElec)
Your spells are a little harder to cast, but a little more powerful.
You evolve.
Your movements are slightly less encumbered by armour. (ER -2)


Message History

Evoke which item? (* to show all) (? for menu, Esc to quit)
Aiming: Dig
Press: ? - help, Shift-Dir - straight line, f - you The rock shatters into small pieces.
This wand has 7 charges left.
An Orb Guardian comes into view.
There is a large open door here.
Xom grants you some temporary aid.
You swap places.
The Orb Guardian hits your iron imp!
Your iron imp dies!
The Orb Guardian hits your shadow imp!!
Your shadow imp dies!
The Orb Guardian hits your ufetubus!!!
Your ufetubus dies!
Your crimson imp blinks!
The Orb Guardian hits your iron imp!!
Your iron imp dies!
There is a staircase leading out of the dungeon here.
You eat one of the 29 fruits.
Mmm - a full handful of blueberries!
You block the Orb Guardian's attack.
You have escaped!

###########
#8≈≈≈≈≈≈≈8#
#....5....#
###....5....#
#.'...585.X@#
#.'....8....#
#.#.......).#
#.#.........#
######.#8§≈≈≈≈≈≈8#
.......###########
######.# #.# #.#
#.# #.##


You could see an Orb Guardian, a friendly iron imp, a friendly quasit, a
friendly crimson imp and a friendly shadow imp.

Vanquished Creatures
  the Royal Jelly (Slime:5)
  3 orbs of fire (Zot:5)
  Mennas (Vaults:4)
  5 ancient liches
  Boris (Vaults:4)
  2 shard shrikes
  Bai Suzhen (Vaults:4)
  A caustic shrike (Depths:4)
  A curse toe (Zot:5)
  5 Killer Klowns (Zot:5)
  Nikola (Shoals:4)
  the Enchantress (Depths:1)
  12 golden dragons
  6 liches
  2 pandemonium lords
  2 iron giants
  3 electric golems
  A Brimstone Fiend (Zot:3)
  The ghost of drevant the Warrior, an adept DsAK of Lugonu (Shoals:4)
  2 Ice Fiends
  11 tentacled monstrosities
  A quicksilver dragon (shapeshifter) (Depths:4)
  28 Orb Guardians
  2 titans (Vaults:5)
  3 deep elf blademasters
  6 quicksilver dragons
  22 acid blobs
  5 sphinxes
  Kirke (Shoals:4)
  2 krakens (Shoals:4)
  Polyphemus (Shoals:4)
  14 storm dragons
  7 death cobs
  2 ancient champions (Crypt:1)
  11 shadow dragons
  7 tengu reavers
  Roxanne (Shoals:1)
  7 draconian monks
  Ilsuiw (Shoals:3)
  11 fire giants
  17 azure jellies
  4 iron dragons
  4 nagarajas (Snake:4)
  7 deep elf sorcerers
  25 frost giants
  Aizul (Elf:3)
  2 balrugs
  3 draconian knights (Zot:4)
  2 ghost moths
  3 curse skulls
  An imperial myrmidon (Desolation)
  5 draconian annihilators
  2 draconian stormcallers
  3 draconian scorchers
  5 ghouls
  3 deep elf elementalists
  2 draconian shifters
  11 vault wardens
  8 spriggan defenders
  Nessos (D:13)
  8 reapers
  A caustic shrike skeleton (Crypt:1)
  18 ironheart preservers
  18 stone giants
  40 very ugly things
  5 war gargoyles (Depths:2)
  9 vampire knights
  13 deep elf demonologists
  12 black draconians
  An entropy weaver (D:14)
  10 green draconians
  12 red draconians
  13 white draconians
  3 dire elephants (Lair:6)
  11 deep elf annihilators
  3 lorocyprocas
  8 yellow draconians
  A halazid warlock (Desolation)
  10 purple draconians
  7 spark wasps
  16 ettins
  2 merfolk javelineers (Shoals:4)
  A mummy priest (Crypt:3)
  2 minotaurs
  A quicksilver dragon zombie (Crypt:1)
  8 eidola (Crypt:3)
  5 green deaths
  5 merfolk impalers
  5 death oozes (Slime:5)
  6 deep elf death magi
  A blizzard demon (Depths:2)
  16 yaktaur captains
  Josephine (Shoals:1)
  7 deep elf high priests
  14 crystal guardians
  5 ragged hierophants (Desolation)
  9 fire dragons
  6 servants of whispers (Desolation)
  17 naga warriors
  11 great orbs of eyes
  10 rakshasas
  32 vault guards
  2 quicksilver dragon skeletons (Crypt:2)
  4 peacekeepers (Desolation)
  12 ice dragons
  4 spriggan air magi
  5 hydras
  2 catoblepae
  3 merfolk avatars
  9 anacondas
  A hell beast (Depths:5)
  An anaconda (shapeshifter) (Depths:2)
  8 centaur warriors
  4 death knights
  2 tengu warriors
  10 merfolk aquamancers
  2 satyrs (Shoals:3)
  15 ogre magi
  An alligator snapping turtle (Shoals:4)
  7 deep troll shamans
  12 death yaks
  7 vampire magi
  41 dancing weapons
  47 two-headed ogres
  17 deep troll earth magi
  5 spriggan berserkers
  4 soul eaters (Crypt:3)
  A shock serpent (shapeshifter) (Depths:4)
  6 naga sharpshooters
  19 deep elf knights
  5 sun demons
  2 orc high priests
  A sixfirhy (Zot:3)
  2 storm dragon zombies (Crypt:3)
  Nergalle (D:10)
  4 hell knights
  A shadow wraith (Vaults:4)
  6 shock serpents
  2 salamander mystics (Snake:3)
  An iron troll (shapeshifter) (Vaults:5)
  10 sea snakes
  14 skeletal warriors
  A storm dragon skeleton (Crypt:1)
  An anaconda zombie (Crypt:3)
  2 unseen horrors (D:15)
  A glowing orange brain (shapeshifter) (Vaults:5)
  A golden dragon zombie (Crypt:2)
  7 naga ritualists
  A gelid demonspawn (Orc:2)
  4 obsidian statues (Depths:2)
  10 glowing orange brains
  3 infernal demonspawn
  18 deep trolls
  A torturous demonspawn (Orc:2)
  A deep troll (shapeshifter) (Depths:4)
  21 phantasmal warriors
  A shadow dragon zombie (Crypt:3)
  Pikel (D:5)
  A death drake (shapeshifter) (Depths:2)
  4 wizards
  5 flayed ghosts
  A lindwurm (Lair:5)
  16 deep elf archers
  21 ironbrand convokers
  14 necromancers
  A mana viper (shapeshifter) (Depths:4)
  A wolf spider zombie (D:14)
  13 orc knights
  A fire giant zombie (Crypt:3)
  13 orc sorcerers
  8 harpies
  8 mana vipers
  58 ugly things
  A stone giant zombie (Crypt:3)
  An oklob plant (Lair:3)
  9 wolf spiders
  20 fauns
  A shining eye (shapeshifter) (Snake:4)
  7 cyclopes
  62 deep elf magi
  15 manticores
  9 shining eyes
  7 salamanders
  18 moths of wrath
  7 elephants
  A frost giant skeleton (Crypt:3)
  An iron dragon skeleton (Crypt:3)
  10 guardian serpents
  4 rust devils
  5 water nymphs
  13 merfolk sirens
  13 vault sentinels
  A stone giant skeleton (Vaults:1)
  2 elephants (shapeshifter)
  42 black mambas
  Joseph (D:8)
  A shock serpent skeleton (Crypt:2)
  A shock serpent zombie (Crypt:2)
  3 eyes of devastation
  4 dire elephant zombies
  2 ice statues (IceCv)
  22 naga magi
  4 gargoyles
  2 eyes of devastation (shapeshifter)
  2 molten gargoyles (Depths:2)
  3 orange demons
  A torpor snail (Lair:2)
  A yaktaur (shapeshifter) (Elf:3)
  5 smoke demons
  5 kobold demonologists
  27 yaktaurs
  A hellion (D:15)
  4 centaur skeletons
  3 komodo dragons
  3 spiny frogs
  14 freezing wraiths
  18 hellwings
  A pale draconian zombie (Crypt:1)
  An emperor scorpion zombie (Crypt:3)
  2 ice devils
  A golden dragon simulacrum (Crypt:2)
  2 hydra zombies (Crypt:3)
  5 red devils
  2 guardian mummies (Crypt:3)
  2 tormentors
  A meliai (shapeshifter) (D:13)
  A sea snake skeleton (Crypt:2)
  7 trolls
  A yaktaur skeleton (Vaults:1)
  3 meliai (D:14)
  2 queen bees (shapeshifter)
  A wind drake (shapeshifter) (Vaults:3)
  20 merfolk
  3 tengu conjurers
  A jumping spider (shapeshifter) (Depths:4)
  15 hornets
  5 polar bears
  A slime creature (shapeshifter) (Vaults:1)
  5 raiju
  2 jumping spiders (Crypt:3)
  3 hydra skeletons (Crypt:3)
  53 saltlings (Desolation)
  2 dream sheep (shapeshifter)
  A polar bear (shapeshifter) (Shoals:1)
  11 snapping turtles
  2 bog bodies
  11 dream sheep
  A blink frog (shapeshifter) (Depths:2)
  7 blink frogs
  2 ettin zombies (Crypt:3)
  10 hippogriffs
  131 slime creatures
  2 hippogriffs (shapeshifter)
  A snapping turtle (shapeshifter) (Depths:2)
  A stone giant simulacrum (Crypt:2)
  2 meliai zombies
  4 wind drakes
  An ice dragon skeleton (Crypt:3)
  A fire dragon skeleton (Crypt:3)
  14 air elementals
  5 redbacks
  A black mamba zombie (Crypt:3)
  3 flying skulls (Depths:5)
  A tarantella (Vaults:1)
  3 tarantellas (shapeshifter)
  7 spriggans
  26 water elementals
  2 wyverns (shapeshifter)
  6 shadows
  9 wraiths
  A redback (shapeshifter) (Depths:2)
  4 ynoxinuls
  A spriggan simulacrum (Depths:5)
  An ushabti (Crypt:3)
  35 yaks
  5 fire elementals
  6 golden eyes
  A yaktaur simulacrum (Vaults:3)
  2 hogs
  2 chaos spawn
  4 fire bats
  A basilisk (shapeshifter) (Vaults:3)
  9 hungry ghosts
  7 basilisks
  A neqoxec (D:15)
  2 spatial vortices
  65 nagas
  3 soldier ants
  6 wargs
  A warg (shapeshifter) (Elf:1)
  5 insubstantial wisps (Depths:2)
  An acid dragon (D:12)
  9 water moccasins
  Duvessa (D:7)
  9 porcupines
  A slave (D:4)
  A floating eye (shapeshifter) (Vaults:1)
  4 floating eyes
  2 large abominations
  A faun skeleton (Crypt:1)
  A spiny frog skeleton (Crypt:2)
  4 black bears (D:10)
  A hornet zombie (D:15)
  A lindwurm zombie (Crypt:2)
  6 eyes of draining
  3 ice beasts (shapeshifter)
  3 sky beasts
  8 ice beasts
  A snapping turtle zombie (Crypt:3)
  A black bear (shapeshifter) (Vaults:4)
  An eye of draining (shapeshifter) (Vaults:3)
  42 orc warriors
  A fire dragon simulacrum (Crypt:2)
  3 necrophages
  13 boggarts
  35 ogres
  4 phantoms
  10 wolves
  A swamp dragon skeleton (Crypt:3)
  10 centaurs
  A rime drake zombie (Crypt:1)
  8 crocodiles
  11 big kobolds
  A cyclops zombie (Crypt:2)
  15 bullfrogs
  8 earth elementals
  A gnoll sergeant (Orc:1)
  A wyvern zombie (D:11)
  Dowan (D:7)
  A human skeleton (Vaults:1)
  A water moccasin zombie (Crypt:2)
  3 scorpions
  2 water moccasin skeletons
  9 killer bees
  A troll zombie (Crypt:3)
  9 wyvern skeletons
  13 wights
  13 howler monkeys
  5 electric eels
  8 crimson imps
  3 small abominations
  5 centaur zombies
  9 jellies
  7 quasits
  A starcursed mass (Lair:6)
  4 hounds
  4 bullfrog skeletons
  3 bullfrog zombies
  A gnoll shaman (Orc:1)
  27 orc priests
  14 orc wizards
  6 iron imps
  4 iguanas
  7 hell rats
  13 worker ants
  An ogre skeleton (Crypt:1)
  4 hound skeletons
  A worker ant zombie (D:7)
  13 gnolls
  12 adders
  5 shadow imps
  An adder zombie (D:5)
  16 oozes
  3 adder skeletons
  3 worms
  A barachi zombie (Crypt:1)
  5 leopard geckos
  111 orcs
  2 giant cockroaches
  A goblin (shapeshifter) (Depths:5)
  7 hobgoblins
  10 jackals
  31 kobolds
  8 quokkas
  2 ball pythons
  A ball python zombie (Crypt:1)
  11 bats
  3 frilled lizards
  A gnoll skeleton (Crypt:2)
  2 goblins (D:2)
  A leopard gecko skeleton (D:4)
  An orc zombie (Crypt:1)
  A quokka zombie (Crypt:2)
  8 rats
  2 crawling corpses (Elf:3)
  3 fungi
  17 plants
  9 tentacles (Shoals:4)
  5 withered plants (Crypt:3)
2871 creatures vanquished.

Vanquished Creatures (collateral kills)
  Jorgrun (Depths:3)
  An electric golem (Zot:5)
  A nagaraja (Snake:4)
  A stone giant (shapeshifter) (Elf:3)
  A purple draconian (Zot:5)
  A merfolk javelineer (Shoals:4)
  A dire elephant (Lair:6)
  A red draconian (Zot:5)
  A yaktaur captain (Vaults:5)
  A vault guard (Vaults:5)
  A naga warrior (Snake:1)
  An ice dragon (shapeshifter) (Shoals:2)
  A two-headed ogre (Vaults:5)
  An ogre mage (Vaults:5)
  2 shock serpents (Snake:1)
  A skeletal warrior (Vaults:5)
  A fire crab (Orc:2)
  A torturous demonspawn (Orc:2)
  A sea snake (Shoals:2)
  A gelid demonspawn (Orc:2)
  2 naga ritualists
  2 ugly things (Vaults:1)
  2 wolf spiders (Crypt:3)
  A moth of wrath (Zot:5)
  A faun (Shoals:3)
  5 black mambas
  A gargoyle (Depths:2)
  A freezing wraith (Vaults:5)
  A komodo dragon (D:13)
  5 merfolk
  4 nagas
  An ogre (Vaults:5)
  A quokka skeleton (D:4)
  A plant (Shoals:2)
49 creatures vanquished.

Vanquished Creatures (others)
  An Orb Guardian (Zot:5)
  A deep elf master archer (Elf:3)
  A frost giant (Depths:4)
  A nagaraja (Snake:4)
  2 stone giants
  A deep elf annihilator (Elf:3)
  A merfolk javelineer (Shoals:4)
  A yaktaur captain (Depths:4)
  A peacekeeper (Desolation)
  A spriggan air mage (Depths:4)
  A merfolk aquamancer (Shoals:3)
  3 dancing weapons
  A small abomination (Elf:3)
  A spriggan berserker (Depths:5)
  2 deep troll earth magi (Depths:5)
  A naga sharpshooter (Snake:4)
  A deep elf knight (Elf:2)
  A deep troll (Depths:5)
  A glowing orange brain (Depths:2)
  2 naga ritualists
  A wolf spider (Crypt:3)
  A deep elf mage (Elf:2)
  A moth of wrath (shapeshifter) (Depths:2)
  A cyclops (Vaults:2)
  A moth of wrath (Zot:5)
  A manticore (Shoals:4)
  A merfolk siren (Shoals:4)
  A vault sentinel (Vaults:5)
  7 yaktaurs
  A red devil (Zot:5)
  A hornet (Depths:5)
  A raiju (shapeshifter) (Depths:2)
  A water elemental (Shoals:2)
  A spriggan (Depths:5)
  2 yaks (D:11)
  2 humans (Shoals:4)
  A slave (D:5)
  An eye of draining (Slime:1)
  2 ogres
  4 boggarts
  8 centaurs
  A big kobold (D:5)
  A jelly (D:7)
  A gnoll (D:11)
  An ooze (D:6)
  8 ball lightnings (Depths:2)
  A leopard gecko (D:5)
  2 orcs
  A bat (shapeshifter) (D:5)
  A quokka (D:11)
  2 kobolds (D:5)
  A crawling corpse (Elf:3)
  A fire vortex (Lab)
  4 fungi
  9 plants
  6 spectral weapons
  4 starspawn tentacles (Abyss:2)
  7 tentacles (Shoals:4)
116 creatures vanquished.

Grand Total: 3036 creatures vanquished

Notes
Turn   | Place    | Note
-------+----------+-------------------------------------------
     0 | D:1      | Slowdrip the Minotaur Chaos Knight began the quest for the Orb.
     0 | D:1      | Reached XP level 1. HP: 19/19 MP: 0/0
   233 | D:1      | Reached XP level 2. HP: 27/27 MP: 1/1
   412 | D:1      | XOM: harmless Necr miscast
   425 | D:1      | XOM: god gift: fuming cyan potion {god gift}
   658 | D:2      | XOM: harmless Necr miscast
   839 | D:2      | XOM: snakes to sticks
   916 | D:2      | Reached XP level 3. HP: 33/34 MP: 2/2
   926 | D:2      | Found a hazy altar of Hepliaklqana.
  1100 | D:2      | XOM: cloud trail
  1493 | D:2      | XOM: give mutation
  1493 | D:2      | Gained mutation: You are partially covered in thin metallic scales. (AC +2) [Xom's mischief]
  1876 | D:3      | Reached skill level 1 in Shields
  1877 | D:3      | Reached XP level 4. HP: 41/41 MP: 3/3
  1882 | D:3      | XOM: chaos upgrade
  1895 | D:3      | Paralysed by a kobold for 6 turns
  1899 | D:3      | XOM: mild Tmut miscast
  2429 | D:3      | XOM: 2-stop teleportation journey
  2656 | D:3      | XOM: give mutations
  2656 | D:3      | Gained mutation: Armour fits poorly on your strangely shaped body. [Xom's mischief]
  2656 | D:3      | Gained mutation: You are clumsy. (Dex -2) [Xom's mischief]
  2798 | D:4      | Reached XP level 5. HP: 16/47 MP: 4/4
  3184 | D:4      | XOM: smoke on damage
  3185 | D:4      | Reached skill level 3 in Dodging
  3185 | D:4      | Reached skill level 3 in Shields
  3240 | D:4      | Reached XP level 6. HP: 35/55 MP: 5/5
  3256 | D:4      | XOM: silly message
  3501 | D:4      | XOM: summons 3 hostile demons
  3507 | D:4      | XOM: smoke on damage
  3554 | D:4      | Reached skill level 6 in Maces & Flails
  3606 | D:4      | XOM: mild Ice miscast
  3714 | D:4      | XOM: harmless Fire miscast
  3836 | D:4      | Upgraded the game from 0.21-a0-401-g0b6bec4 to 0.21-a0-404-g291f19a
  3955 | D:5      | Entered Level 5 of the Dungeon
  4058 | D:5      | XOM: chaos upgrade
  4088 | D:5      | XOM: blink monster(s)
  4285 | D:5      | Noticed Pikel
  4285 | D:5      | Noticed a slave
  4286 | D:5      | Noticed a slave
  4296 | D:5      | Noticed a slave
  4299 | D:5      | Noticed a slave
  4310 | D:5      | XOM: summons 1 hostile shadow creature
  4335 | D:5      | XOM: confusion
  4352 | D:4      | XOM: stat loss: -1 Str (16/17)
  4363 | D:4      | Killed a slave
  4694 | D:5      | XOM: polymorph hound -> worm
  4758 | D:5      | Reached XP level 7. HP: 47/60 MP: 6/6
  5090 | D:5      | XOM: polymorph kobold -> gnoll
  5092 | D:5      | XOM: noise
  5108 | D:5      | Killed Pikel
  5108 | D:5      | Reached skill level 6 in Shields
  5108 | D:5      | Reached XP level 8. HP: 49/67 MP: 7/7
  5142 | D:5      | XOM: chaos upgrade
  5155 | D:5      | Reached skill level 6 in Dodging
  5162 | D:5      | XOM: 3-stop teleportation journey
  5436 | D:5      | XOM: severe Air miscast
  5636 | D:5      | XOM: draining
  5778 | D:5      | XOM: give mutation
  5778 | D:5      | Gained mutation: You are weak. (Str -2) [Xom's mischief]
  6084 | D:5      | XOM: give mutations
  6084 | D:5      | Lost mutation: Armour fits poorly on your strangely shaped body. [Xom's mischief]
  6084 | D:5      | Gained mutation: You are dopey. (Int -2) [Xom's mischief]
  6084 | D:5      | Gained mutation: You are very dopey. (Int -4) [Xom's mischief]
  6138 | D:6      | XOM: enchant monster (bad)
  6178 | D:6      | XOM: noise
  6279 | D:6      | Found a staircase to the Ecumenical Temple.
  6314 | D:6      | Found an iron altar of Okawaru.
  6386 | D:6      | Found Dosiotir's Desiderata Depot.
  6474 | D:6      | XOM: summons 1 hostile demon
  6602 | D:6      | Noticed a slime creature
  6609 | D:6      | XOM: confusion (+ monsters)
  6610 | D:6      | XOM: enchant monster (good)
  6624 | D:6      | XOM: enchant monster (bad)
  6900 | D:6      | XOM: harmless Ice miscast
  6901 | D:6      | XOM: summons friendly quasit
  6907 | D:6      | XOM: cast spell 'Metabolic Englaciation'
  6929 | D:6      | Killed a slime creature
  6929 | D:6      | Reached skill level 9 in Maces & Flails
  6929 | D:6      | Reached skill level 1 in Evocations
  6929 | D:6      | Reached XP level 9. HP: 47/73 MP: 7/9
  7210 | D:7      | XOM: mild Necr miscast
  7256 | D:7      | XOM: harmless Conj miscast
  7442 | D:7      | XOM: cloud trail
  7500 | D:7      | XOM: god gift: 19 stones {god gift}
  7568 | D:7      | Noticed Duvessa
  7580 | D:7      | Killed Duvessa
  7580 | D:7      | Reached skill level 3 in Evocations
  7606 | D:7      | Noticed Dowan
  7621 | D:7      | Killed Dowan
  7639 | D:7      | XOM: scenery: create altars
  7796 | D:7      | XOM: 5-stop teleportation journey
  8069 | D:7      | XOM: give mutation
  8069 | D:7      | Lost mutation: You are clumsy. (Dex -2) [Xom's grace]
  8152 | D:7      | Found a shattered altar of Ashenzari.
  8315 | D:8      | Noticed Joseph
  8343 | D:8      | Killed Joseph
  8431 | D:8      | Noticed a two-headed ogre
  8431 | D:8      | XOM: cleaving
  8453 | D:7      | XOM: divination: detect items
  8498 | D:7      | XOM: noise
  8592 | D:8      | XOM: give mutation
  8592 | D:8      | Lost mutation: You are very dopey. (Int -4) [Xom's grace]
  8612 | D:8      | XOM: destruction
  8617 | D:8      | XOM: scenery: create altars
  8636 | D:8      | Killed a two-headed ogre
  8636 | D:8      | Reached XP level 10. HP: 19/80 MP: 11/13
  9096 | D:8      | XOM: harmless Ice miscast
  9098 | D:8      | XOM is BORED!
  9188 | D:8      | XOM: mild Conj miscast
  9558 | D:8      | XOM: enchant monster (good)
  9567 | D:8      | Reached skill level 6 in Evocations
  9763 | D:8      | XOM: harmless Hex miscast
  9862 | D:9      | XOM: noise
  9863 | D:9      | XOM: god gift: tubular garnet ring {god gift}
  9884 | D:9      | XOM: give mutations
  9884 | D:9      | Gained mutation: Armour fits poorly on your strangely shaped body. [Xom's mischief]
  9884 | D:9      | Lost mutation: You are weak. (Str -2) [Xom's mischief]
  9884 | D:9      | Gained mutation: Your magical capacity is low. (-10% MP) [Xom's mischief]
  9895 | D:9      | Reached skill level 12 in Maces & Flails
 10012 | D:9      | Learned a level 3 spell: Spectral Weapon
 10016 | D:9      | Learned a level 3 spell: Regeneration
 10018 | D:9      | Learned a level 1 spell: Infusion
 10021 | D:9      | Learned a level 2 spell: Song of Slaying
 10042 | D:9      | Found a staircase to the Lair.
 10217 | D:9      | XOM: divination: detect creatures
 10241 | D:9      | XOM: cast spell 'Cause Fear'
 10288 | D:9      | XOM: give mutations
 10288 | D:9      | Gained mutation: You occasionally shout uncontrollably at your foes. [Xom's mischief]
 10288 | D:9      | Lost mutation: Armour fits poorly on your strangely shaped body. [Xom's mischief]
 10288 | D:9      | Lost mutation: You are dopey. (Int -2) [Xom's mischief]
 10288 | D:9      | Gained mutation: You are frail. (-10% HP) [Xom's mischief]
 10445 | D:9      | XOM: give mutations
 10445 | D:9      | Gained mutation: You are very frail. (-20% HP) [Xom's mischief]
 10445 | D:9      | Gained mutation: You possess an exceptional clarity of mind. [Xom's mischief]
 10591 | D:9      | XOM: 1-stop teleportation journey
 10618 | D:9      | XOM: confuse monster(s)
 10629 | D:9      | Reached skill level 1 in Stealth
 10629 | D:9      | XOM: fog
 10639 | D:9      | XOM: 1-stop teleportation journey
 10770 | D:9      | XOM: destruction
 10786 | D:9      | Reached skill level 3 in Stealth
 11284 | D:10     | Entered Level 10 of the Dungeon
 11363 | D:10     | XOM: harmless Necr miscast
 11384 | D:10     | Found a huge runed gate.
 11385 | D:10     | Found a huge runed gate.
 11385 | D:10     | XOM: harmless Fire miscast
 11410 | D:10     | Reached XP level 11. HP: 68/68 MP: 13/13
 11428 | D:10     | Noticed Nergalle
 11476 | D:10     | XOM: torment (34/68 hp)
 11660 | D:10     | XOM: harmless Air miscast
 11718 | D:10     | XOM: mild Ice miscast
 11744 | D:10     | XOM: smoke on damage
 11811 | D:10     | XOM: swap monsters
 11822 | D:10     | XOM: swap monsters
 11985 | D:10     | XOM: god gift: scroll of blinking {god gift}
 12261 | D:10     | Found a huge runed gate.
 12261 | D:10     | Found a huge runed gate.
 12316 | D:10     | XOM: divination: detect items
 12412 | D:9      | XOM: mild Hex miscast
 12572 | D:10     | XOM: potion effect (agility)
 12592 | D:10     | XOM: harmless Air miscast
 12914 | D:10     | XOM: give mutations
 12914 | D:10     | Gained mutation: You have sharp toenails. [Xom's grace]
 12914 | D:10     | Lost mutation: Your magical capacity is low. (-10% MP) [Xom's grace]
 12914 | D:10     | Gained mutation: Your flesh is heat resistant. (rF+) [Xom's grace]
 12914 | D:10     | Gained mutation: Your muscles are strong. (Str +2) [Xom's grace]
 13201 | D:10     | XOM: enchant monster (bad)
 13246 | D:10     | XOM: severe Necr miscast
 13247 | D:10     | Noticed a reaper
 13278 | D:10     | XOM: cast spell 'Alistair's Intoxication'
 13284 | D:10     | XOM: mild Air miscast
 13610 | D:10     | Killed Nergalle
 13765 | D:11     | XOM: enchant monster (good)
 13780 | D:11     | XOM: polymorph orc warrior -> naga
 14122 | D:11     | XOM: medium Ice miscast
 14149 | D:11     | XOM: harmless Tloc miscast
 14156 | D:11     | Reached skill level 15 in Maces & Flails
 14321 | D:11     | XOM: harmless Ice miscast
 14351 | D:11     | XOM: cleaving
 14364 | D:11     | XOM: divine lightning
 14370 | D:11     | XOM: cleaving
 14403 | D:11     | XOM: god gift: twisted garnet ring {god gift}
 14595 | D:11     | Noticed a two-headed ogre
 14613 | D:11     | XOM: polymorph kobold -> gnoll
 14653 | D:11     | XOM: destruction
 14654 | D:11     | a two-headed ogre changed into a faun
 14654 | D:11     | XOM: polymorph two-headed ogre -> faun
 14666 | D:11     | XOM: divination: detect creatures
 14682 | D:11     | XOM: cleaving
 14684 | D:11     | XOM: enchant monster (good)
 14895 | D:11     | XOM: 3-stop teleportation journey
 14915 | D:11     | Noticed a sixfirhy
 14933 | D:11     | XOM: cast spell 'Metabolic Englaciation'
 15123 | D:10     | XOM: harmless Air miscast
 15133 | D:11     | XOM: blink monster(s)
 15159 | D:11     | XOM: enchant monster (good)
 15201 | D:11     | XOM: divination: magic mapping
 15626 | D:12     | Noticed a two-headed ogre
 15644 | D:12     | Killed a two-headed ogre
 15644 | D:12     | Reached skill level 6 in Fighting
 15644 | D:12     | Reached XP level 12. HP: 59/76 MP: 16/16
 15964 | D:12     | Noticed a two-headed ogre
 15975 | D:12     | Killed a two-headed ogre
 15993 | D:12     | XOM: stat loss: -1 Str (19/20)
 16001 | D:12     | XOM: fog
 16019 | D:12     | XOM: noise
 16272 | D:12     | Noticed a two-headed ogre
 16276 | D:12     | Noticed a two-headed ogre
 16283 | D:12     | XOM: noise
 16296 | D:12     | XOM: noise
 16302 | D:12     | XOM: divination: detect items
 16305 | D:12     | XOM: potion effect (brilliance)
 16316 | D:12     | XOM: enchant monster (bad)
 16327 | D:12     | XOM: summons 2 friendly demons
 16556 | D:12     | Paralysed by a hornet for 1 turns
 17006 | D:12     | XOM: cleaving
 17022 | D:12     | XOM: summons 1 friendly demon
 17026 | D:12     | XOM: polymorph crimson imp -> iron imp
 17042 | D:12     | Reached skill level 9 in Fighting
 17096 | D:12     | XOM: harmless Air miscast
 17171 | D:12     | XOM: fog
 17388 | D:12     | XOM is BORED!
 17388 | D:12     | XOM: mild Erth miscast
 17409 | D:12     | Killed a two-headed ogre
 17441 | D:12     | XOM: give mutations
 17441 | D:12     | Gained mutation: You are partially covered in rugged brown scales. (AC +1, +3% HP) [Xom's grace]
 17441 | D:12     | Gained mutation: You are agile. (Dex +2) [Xom's grace]
 17441 | D:12     | Gained mutation: Your muscles are very strong. (Str +4) [Xom's grace]
 17461 | D:12     | Found a staircase to the Orcish Mines.
 17836 | D:12     | XOM: enchant monster (good)
 18122 | Lair:1   | Entered Level 1 of the Lair of Beasts
 18173 | Lair:1   | Noticed a six-headed hydra
 18532 | D:9      | XOM: give mutations
 18532 | D:9      | Gained mutation: You have a pair of large horns on your head. [Xom's grace]
 18532 | D:9      | Gained mutation: You are partially covered in iridescent scales. (AC +2) [Xom's grace]
 18532 | D:9      | Gained mutation: You have razor-sharp toenails. [Xom's grace]
 18542 | Lair:1   | XOM: blink monster(s)
 18546 | Lair:1   | XOM: harmless Conj miscast
 18733 | Lair:1   | XOM: divination: detect items
 18748 | Lair:1   | Killed a six-headed hydra
 18918 | Lair:1   | Reached skill level 12 in Fighting
 18921 | Lair:1   | XOM: mild Necr miscast
 18965 | Lair:1   | XOM: harmless Ice miscast
 18968 | Lair:1   | XOM: blink monster(s)
 19374 | Lair:2   | XOM: potion effect (berserk rage)
 19375 | Lair:2   | XOM: harmless Conj miscast
 19585 | Lair:2   | XOM: noise
 19632 | Lair:2   | Lost mutation: You are very frail. (-20% HP) [potion of mutation]
 19632 | Lair:2   | Lost mutation: You are partially covered in rugged brown scales. (AC +1, +3% HP) [potion of mutation]
 19632 | Lair:2   | Lost mutation: You are partially covered in iridescent scales. (AC +2) [potion of mutation]
 19632 | Lair:2   | Gained mutation: You evolve. [potion of mutation]
 19659 | Lair:2   | XOM: 5-stop teleportation journey
 20122 | Lair:3   | Found a hazy altar of Hepliaklqana.
 20143 | Lair:3   | Noticed a death yak
 20143 | Lair:3   | Noticed a death yak
 20143 | Lair:3   | Noticed a death yak
 20143 | Lair:3   | Noticed a death yak
 20155 | Lair:2   | XOM: summons 12 friendly demons
 20156 | Lair:2   | Noticed a ghost moth
 20156 | Lair:2   | a death yak changed into a ghost moth
 20156 | Lair:2   | XOM: polymorph death yak -> ghost moth
 20166 | Lair:2   | XOM: scenery: create altars
 20168 | Lair:2   | XOM: destruction
 20169 | Lair:2   | Killed a death yak
 20176 | Lair:2   | Killed a ghost moth
 20176 | Lair:2   | Reached XP level 13. HP: 90/110 MP: 0/17
 20471 | Lair:3   | XOM: 4-stop teleportation journey
 20505 | Lair:3   | Found a staircase to the Snake Pit.
 20511 | Lair:3   | XOM: summons friendly crimson imp
 20565 | Lair:3   | XOM: summons friendly iron imp
 20574 | Lair:3   | Reached skill level 3 in Armour
 20576 | Lair:3   | XOM: polymorph iron imp -> crimson imp
 20680 | Lair:3   | XOM: cloud trail
 20756 | Lair:3   | XOM: give mutations
 20756 | Lair:3   | Gained mutation: Your flesh is cold resistant. (rC+) [Xom's grace]
 20756 | Lair:3   | Gained mutation: You are partially covered in molten scales. (AC +2) [Xom's grace]
 20972 | Lair:3   | XOM: scenery: create altars
 20974 | Lair:3   | XOM: confuse monster(s)
 20975 | Lair:3   | XOM: destruction
 20978 | Lair:3   | XOM: polymorph blink frog -> fire bat
 21233 | Lair:3   | Gained mutation: You are resistant to hostile enchantments. (MR+) [evolution]
 21233 | Lair:3   | Lost mutation: You evolve. [end of evolution]
 21430 | Lair:4   | Found a staircase to the Shoals.
 21449 | Lair:4   | XOM: summons friendly crimson imp
 21522 | Lair:4   | XOM: give mutations
 21522 | Lair:4   | Lost mutation: Your flesh is cold resistant. (rC+) [Xom's mischief]
 21522 | Lair:4   | Lost mutation: You have razor-sharp toenails. [Xom's mischief]
 21522 | Lair:4   | Lost mutation: You are frail. (-10% HP) [Xom's mischief]
 21566 | Lair:4   | XOM: chaos cloud
 21575 | Lair:4   | XOM: mild Summ miscast
 21592 | Lair:4   | XOM: 1-stop teleportation journey
 21631 | Lair:4   | Found a frozen archway.
 21665 | IceCv    | Entered an ice cave
 21723 | IceCv    | Found a transporter.
 22086 | Lair:4   | XOM: summons 1 hostile demon
 22305 | Lair:4   | Reached skill level 9 in Shields
 22412 | Lair:4   | XOM: harmless Air miscast
 22432 | Lair:4   | XOM: fake destruction
 22757 | Lair:4   | XOM: cleaving
 22769 | Lair:4   | Reached skill level 6 in Armour
 22784 | Lair:5   | Reached skill level 9 in Dodging
 22851 | Lair:5   | XOM: give mutation
 22851 | Lair:5   | Gained mutation: You have sharp fingernails. [Xom's grace]
 22906 | Lair:5   | Found a dark tunnel.
 22935 | Volcano  | Entered a volcano
 22969 | Volcano  | XOM: scenery: create altars
 22980 | Volcano  | XOM: scenery: create altars
 23153 | Volcano  | XOM: scenery: create altars
 23243 | Volcano  | XOM: summons friendly crimson imp
 23356 | Volcano  | XOM: destruction
 23757 | Lair:5   | XOM: divination: detect creatures
 23845 | Lair:5   | XOM: summons 6 friendly demons
 23942 | Lair:5   | Found a blossoming altar of Fedhas.
 24130 | Lair:5   | Reached XP level 14. HP: 130/130 MP: 18/18
 24132 | Lair:5   | XOM is BORED!
 24132 | Lair:5   | XOM: torment (66/130 hp)
 24284 | Lair:5   | XOM: polymorph elephant -> manticore
 24432 | Lair:5   | XOM: cloud trail
 24799 | Lair:6   | Entered Level 6 of the Lair of Beasts
 25416 | Lair:6   | Found a viscous altar of Jiyva.
 25416 | Lair:6   | Found a staircase to the Slime Pits.
 25434 | Lair:6   | XOM: medium Tloc miscast
 25434 | Lair:6   | Cast into level 2 of the Abyss (the capriciousness of Xom)
 25442 | Abyss:2  | XOM: noise
 25474 | Abyss:2  | Noticed a tentacled starspawn
 25475 | Abyss:2  | XOM: noise
 25492 | Abyss:2  | XOM: mild Hex miscast
 25517 | Abyss:2  | Noticed a starcursed mass
 25518 | Abyss:2  | XOM: enchant monster (good)
 25531 | Abyss:2  | XOM: scenery: create altars
 25532 | Abyss:2  | XOM: god gift: scale mail {god gift}
 25533 | Abyss:2  | XOM: enchant monster (good)
 25542 | Abyss:2  | XOM: cast spell 'Summon Mana Viper'
 25545 | Abyss:2  | XOM: summons 10 friendly demons
 25559 | Abyss:2  | XOM: enchant monster (bad)
 25567 | Abyss:2  | XOM: cast spell 'Cause Fear'
 25575 | Abyss:2  | Noticed a starcursed mass
 25589 | Abyss:2  | Found a corrupted altar of Lugonu.
 25698 | Abyss:2  | Noticed a bone dragon
 25723 | Abyss:2  | Noticed a starcursed mass
 25734 | Abyss:2  | XOM: polymorph sixfirhy -> soul eater
 25750 | Lair:6   | Escaped the Abyss
 25843 | Lair:6   | XOM: god gift: 14 sling bullets {god gift}
 25937 | Lair:6   | XOM: scenery: create altars
 26263 | Lair:6   | XOM: 3-stop teleportation journey
 26349 | Lair:6   | XOM: cleaving
 26354 | Lair:6   | XOM: scenery: create altars
 26358 | Lair:6   | XOM: scenery: create altars
 26505 | Lair:6   | XOM: scenery: create altars
 26899 | Lair:6   | XOM: summons 4 friendly demons
 26906 | Lair:6   | Reached skill level 9 in Armour
 26980 | Lair:6   | XOM: confuse monster(s)
 27011 | Lair:6   | Noticed a storm dragon
 27011 | Lair:6   | a dire elephant changed into a storm dragon
 27011 | Lair:6   | XOM: polymorph dire elephant -> storm dragon
 27014 | Lair:6   | XOM: cleaving
 27024 | Lair:6   | XOM: cleaving
 27029 | Lair:6   | Killed a storm dragon
 27033 | Lair:6   | XOM: scenery: create altars
 27156 | Lair:6   | XOM: god gift: 19 gold pieces {god gift}
 27192 | Lair:6   | XOM: god gift: 3 scrolls of teleportation {god gift}
 27432 | Lair:1   | XOM: give mutations
 27432 | Lair:1   | Gained mutation: You are highly resistant to hostile enchantments. (MR++) [Xom's grace]
 27432 | Lair:1   | Gained mutation: Your movements are slightly less encumbered by armour. (ER -2) [Xom's grace]
 27432 | Lair:1   | Gained mutation: You are extremely resistant to the effects of hostile enchantments. (MR+++) [Xom's grace]
 27432 | Lair:1   | Gained mutation: You can translocate small distances at will. [Xom's grace]
 27510 | D:10     | XOM: divination: detect items
 27618 | D:13     | XOM: polymorph troll -> hornet
 27628 | D:13     | XOM: cast spell 'Summon Horrible Things'
 27670 | D:13     | XOM: blink monster(s)
 27757 | D:13     | Noticed Nessos
 27767 | D:13     | XOM: summons friendly ufetubus
 27779 | D:13     | Killed Nessos
 28282 | D:13     | Reached skill level 12 in Shields
 28289 | D:13     | XOM: harmless Ice miscast
 28427 | D:13     | XOM: mild Air miscast
 28448 | D:13     | Found Boufrufu's Book Boutique.
 28539 | D:13     | XOM: harmless Conj miscast
 28639 | D:13     | XOM: mild Chrm miscast
 28689 | D:13     | XOM: destruction
 28703 | D:13     | XOM: blink monster(s)
 28792 | D:13     | XOM: harmless Necr miscast
 29045 | D:14     | XOM: harmless Pois miscast
 29162 | D:14     | XOM: noise
 29273 | D:14     | XOM: confuse monster(s)
 29275 | D:14     | XOM: harmless Necr miscast
 29300 | D:14     | Found a gate to the Vaults.
 29335 | D:14     | XOM: harmless Hex miscast
 29487 | D:14     | Found a sacrificial altar of Ru.
 29732 | D:14     | XOM: noise
 29876 | D:14     | XOM is BORED!
 29876 | D:14     | XOM: medium Summ miscast
 30025 | D:14     | XOM: scenery: 1 doors close
 30138 | D:15     | Entered Level 15 of the Dungeon
 30159 | D:15     | XOM: harmless Necr miscast
 30193 | D:15     | Found a labyrinth entrance.
 30213 | Lab      | Entered a labyrinth
 30360 | Lab      | XOM: harmless Air miscast
 30616 | Lab      | Reached skill level 12 in Dodging
 30616 | Lab      | Reached XP level 15. HP: 137/137 MP: 19/19
 31217 | Lab      | XOM: mild Fire miscast
 31489 | Lab      | XOM: harmless Hex miscast
 31535 | Lab      | XOM: cloud trail
 31647 | D:15     | XOM is BORED!
 31647 | D:15     | XOM: noise
 31670 | D:15     | XOM: noise
 31686 | D:15     | XOM: divination: detect creatures
 31758 | D:15     | XOM: divination: detect creatures
 31856 | D:15     | Found a staircase to the Depths.
 31856 | D:15     | Noticed a frost giant
 31861 | D:15     | Killed a frost giant
 31968 | D:15     | XOM: divination: detect items
 32434 | Orc:1    | Entered Level 1 of the Orcish Mines
 32752 | Orc:1    | XOM is BORED!
 32752 | Orc:1    | XOM: medium Air miscast
 32807 | Orc:1    | XOM: god gift: 53 gold pieces {god gift}
 32929 | Orc:1    | XOM: give mutations
 32929 | Orc:1    | Lost mutation: You occasionally shout uncontrollably at your foes. [Xom's mischief]
 32929 | Orc:1    | Lost mutation: You have a pair of large horns on your head. [Xom's mischief]
 32932 | Orc:2    | Entered Level 2 of the Orcish Mines
 32985 | Orc:2    | XOM: divination: detect creatures
 33169 | Orc:2    | Found a staircase to the Elven Halls.
 33529 | Orc:2    | Found Emudig's Food Boutique.
 33531 | Orc:2    | Found Usmy's Magic Scroll Shop.
 33539 | Orc:2    | XOM: give mutations
 33539 | Orc:2    | Lost mutation: Your muscles are very strong. (Str +4) [Xom's mischief]
 33631 | Orc:2    | Reached skill level 12 in Armour
 33744 | Orc:2    | XOM: scenery: create altars
 33774 | Orc:2    | XOM: enchant monster (good)
 33783 | Orc:2    | XOM: summons friendly quasit
 34040 | Orc:2    | XOM: polymorph orc sorcerer -> fire crab
 34057 | Orc:2    | Found Osilo's Book Emporium.
 34057 | Orc:2    | Found a one-way gate leading to the halls of Pandemonium.
 34057 | Orc:2    | Found Cuenerph's Antique Weapon Shoppe.
 34540 | Orc:2    | Bought a scroll of fear for 49 gold pieces
 34540 | Orc:2    | Bought a scroll of enchant weapon for 105 gold pieces
 34789 | Shoals:1 | Entered Level 1 of the Shoals
 34789 | Shoals:1 | Noticed Roxanne
 34805 | Shoals:1 | XOM: polymorph hippogriff -> orb spider
 34808 | Shoals:1 | Killed Roxanne
 34933 | Lair:4   | XOM: medium Air miscast
 35027 | Lair:4   | XOM: summons 7 hostile demons
 35218 | Lair:4   | XOM: noise
 35401 | Shoals:1 | XOM: harmless Tmut miscast
 35530 | Shoals:1 | XOM: chaos cloud
 35533 | Shoals:1 | XOM: enchant monster (bad)
 35592 | Shoals:1 | XOM: swap monsters
 35604 | Shoals:1 | XOM: blink monster(s)
 35821 | Shoals:1 | XOM: swap monsters
 35846 | Shoals:1 | XOM: summons 7 hostile demons
 36098 | Shoals:2 | Noticed Josephine
 36108 | Shoals:1 | XOM: enchant monster (bad)
 36114 | Shoals:1 | Killed Josephine
 36375 | Shoals:2 | XOM: swap monsters
 36384 | Shoals:2 | XOM: summons 2 friendly demons
 36560 | Shoals:2 | XOM: divination: detect creatures
 36597 | Shoals:2 | XOM: divination: detect creatures
 36803 | Shoals:2 | XOM: cast spell 'Statue Form'
 36804 | Shoals:2 | XOM: polymorph merfolk avatar -> ice dragon
 36887 | Shoals:2 | Reached XP level 16. HP: 134/145 MP: 20/20
 37099 | Shoals:2 | XOM: cast spell 'Summon Ice Beast'
 37160 | Shoals:2 | XOM: noise
 37175 | Shoals:2 | XOM: polymorph merfolk impaler -> ice dragon
 37252 | Shoals:2 | XOM: confuse monster(s)
 37420 | Shoals:2 | XOM: enchant monster (bad)
 37434 | Shoals:2 | Reached skill level 15 in Shields
 37620 | Shoals:2 | XOM: harmless Conj miscast
 37741 | Shoals:2 | XOM: god gift: notched ruby ring {god gift}
 37849 | Shoals:2 | XOM: snakes to sticks
 37961 | Shoals:2 | XOM: god gift: potion of flight {god gift}
 37979 | Shoals:3 | XOM: summons friendly sixfirhy
 38084 | Shoals:3 | XOM: silly message
 38124 | Shoals:3 | XOM: potion effect (heal wounds)
 38264 | Shoals:2 | XOM: god gift: 25 gold pieces {god gift}
 38470 | Shoals:3 | XOM: potion effect (agility)
 38872 | Shoals:3 | XOM: god gift: 21 stones {god gift}
 39037 | Shoals:3 | XOM: mild Air miscast
 39236 | Shoals:3 | XOM: harmless Tmut miscast
 39379 | Shoals:4 | XOM: noise
 39379 | Shoals:4 | Entered Level 4 of the Shoals
 39398 | Shoals:4 | Noticed Nikola
 39665 | Snake:1  | Entered Level 1 of the Snake Pit
 39670 | Snake:1  | XOM: god gift: scroll of amnesia {god gift}
 39743 | Snake:1  | XOM: silly message
 39746 | Snake:1  | Reached skill level 15 in Dodging
 39843 | Snake:1  | XOM: swap monsters
 39907 | Snake:1  | XOM: scenery: create altars
 39987 | Snake:1  | XOM: scenery: create altars
 40018 | Snake:1  | Reached skill level 15 in Armour
 40181 | Snake:1  | XOM: summons 16 friendly demons
 40268 | Snake:1  | XOM: 2-stop teleportation journey
 40297 | Snake:1  | XOM: polymorph shock serpent -> elephant
 40613 | Snake:1  | XOM: destruction
 40716 | Snake:2  | XOM: god gift: short glowing staff {god gift}
 40773 | Snake:2  | XOM: scenery: create altars
 41006 | Snake:2  | XOM: destruction
 41387 | Snake:2  | XOM: scenery: create altars
 41411 | Snake:2  | XOM: enchant monster (good)
 41586 | Snake:2  | XOM: god gift: robe {god gift}
 41886 | Snake:2  | Reached skill level 15 in Fighting
 41900 | Snake:2  | XOM: confuse monster(s)
 41949 | Snake:2  | Reached XP level 17. HP: 156/156 MP: 21/21
 42371 | Snake:3  | XOM: summons friendly chaos spawn
 42376 | Snake:3  | XOM: scenery: 3 doors close
 42382 | Snake:3  | XOM: polymorph guardian serpent -> raiju
 42457 | Snake:3  | XOM: god gift: 37 gold pieces {god gift}
 42534 | Snake:3  | Found a runed door.
 42608 | Snake:3  | Found Yri Lu Lae's Armour Emporium.
 42617 | Snake:3  | XOM: noise
 42621 | Snake:3  | XOM: silly message
 42634 | Snake:3  | Found Lurits's Jewellery Shoppe.
 42634 | Snake:3  | Found Yxtiefak's Antique Weapon Emporium.
 42637 | Snake:3  | XOM: scenery: 1 doors close
 42807 | Snake:3  | XOM: divination: magic mapping
 42812 | Snake:3  | Found Erakam's Magic Scroll Shoppe.
 42828 | Snake:3  | Bought a scroll of teleportation for 36 gold pieces
 42892 | Snake:3  | XOM: enchant monster (good)
 43062 | Snake:3  | XOM: mild Necr miscast
 43146 | Snake:3  | XOM: 1-stop teleportation journey
 43216 | Snake:3  | XOM: god gift: wand of scattershot (?/9) {god gift}
 43265 | Snake:3  | Bought a +2 chain mail of poison resistance for 259 gold pieces
 43347 | Snake:3  | XOM: divination: magic mapping
 43573 | Snake:3  | XOM: divination: magic mapping
 43592 | Snake:3  | XOM: potion effect (haste)
 43628 | Snake:3  | XOM: harmless Erth miscast
 43750 | Snake:3  | XOM: enchant monster (good)
 44140 | Snake:4  | Entered Level 4 of the Snake Pit
 44210 | Snake:4  | XOM: mild Necr miscast
 44215 | Snake:4  | XOM: divination: detect creatures
 44225 | Snake:4  | XOM: potion effect (might)
 44458 | Snake:4  | XOM: potion effect (brilliance)
 44588 | Snake:4  | XOM: harmless Fire miscast
 44740 | Snake:4  | XOM: enchant monster (bad)
 44991 | Snake:4  | Reached skill level 18 in Fighting
 45050 | Snake:4  | XOM: confuse monster(s)
 45397 | Snake:4  | XOM: destruction
 45532 | Snake:4  | XOM: scenery: 1 doors close
 45562 | Snake:4  | XOM: cleaving
 45615 | Snake:4  | XOM: enchant monster (good)
 45859 | Snake:4  | XOM: potion effect (brilliance)
 45861 | Snake:4  | XOM: fog
 45865 | Snake:4  | XOM: summons friendly rust devil
 45880 | Snake:4  | XOM: confuse monster(s)
 45926 | Snake:4  | XOM: enchant monster (good)
 46055 | Snake:4  | XOM: enchant monster (good)
 46072 | Snake:4  | XOM: divination: detect items
 46080 | Snake:4  | XOM: scenery: create altars
 46183 | Snake:4  | XOM: polymorph naga warrior -> glowing shapeshifter
 46300 | Snake:4  | Reached XP level 18. HP: 175/175 MP: 22/22
 46349 | Snake:4  | XOM: god gift: glowing quick blade {god gift}
 46370 | Snake:4  | XOM: scenery: create altars
 46438 | Snake:4  | Got a serpentine rune of Zot
 46789 | Orc:2    | XOM: give mutations
 46789 | Orc:2    | Gained mutation: You are robust. (+10% HP) [Xom's grace]
 46789 | Orc:2    | Gained mutation: Your flesh is cold resistant. (rC+) [Xom's grace]
 46789 | Orc:2    | Gained mutation: You are very robust. (+20% HP) [Xom's grace]
 46811 | Elf:1    | Entered Level 1 of the Elven Halls
 46830 | Elf:1    | XOM: fog
 46886 | Elf:1    | XOM: fog
 46887 | Elf:1    | XOM: cast spell 'Necromutation'
 46988 | Elf:1    | XOM: divination: detect creatures
 46993 | Elf:1    | XOM: divination: detect items
 47091 | Elf:1    | XOM: enchant monster (good)
 47099 | Elf:1    | XOM: polymorph deep elf archer -> glowing orange brain
 47292 | Elf:1    | Identified a scroll of acquirement
 47688 | Elf:1    | XOM: 11-stop teleportation journey
 47975 | Elf:2    | Found a flickering gateway to a bazaar.
 47993 | Bazaar   | Entered a bazaar
 47993 | Bazaar   | Found Osoh's Antique Weapon Shoppe.
 47993 | Bazaar   | Found Qunyut's General Store.
 47993 | Bazaar   | Found Zeugger's Weapon Shop.
 47995 | Bazaar   | Found Esusoac's Antique Armour Emporium.
 47995 | Bazaar   | Found Dimafat's Jewellery Shop.
 48011 | Bazaar   | XOM: harmless Necr miscast
 48055 | Bazaar   | Bought a twisted ring mail for 306 gold pieces
 48068 | Bazaar   | Bought a potion of invisibility for 72 gold pieces
 48068 | Bazaar   | Bought a potion of cancellation for 72 gold pieces
 48084 | Bazaar   | Identified the +4 ring mail of Oczierul {*Slow rC++ Str+3} (You bought it in a shop in a bazaar)
 48261 | Elf:2    | XOM: summons 2 friendly demons
 48283 | Elf:2    | XOM: harmless Pois miscast
 48437 | Elf:2    | XOM: 7-stop teleportation journey
 48522 | Elf:2    | XOM: severe Fire miscast
 48526 | Elf:2    | Found a huge runed gate.
 48526 | Elf:2    | Found a huge runed gate.
 48526 | Elf:2    | Found a huge runed gate.
 48526 | Elf:2    | Found a huge runed gate.
 48526 | Elf:2    | Found a huge runed gate.
 48528 | Elf:2    | XOM: summons 11 friendly demons
 48552 | Elf:2    | XOM: divination: magic mapping
 48665 | Elf:2    | XOM: harmless Chrm miscast
 48820 | Elf:2    | XOM: potion effect (heal wounds)
 48851 | Elf:2    | Reached skill level 18 in Maces & Flails
 49106 | Elf:2    | XOM: cast spell 'Discord'
 49132 | Elf:2    | XOM: blink monster(s)
 49134 | Elf:2    | XOM: enchant monster (bad)
 49200 | Elf:2    | XOM: swap monsters
 49376 | Elf:2    | XOM: cleaving
 49550 | Elf:3    | Entered Level 3 of the Elven Halls
 49575 | Elf:3    | XOM: cast spell 'Olgreb's Toxic Radiance'
 49583 | Elf:3    | XOM: 2-stop teleportation journey
 49594 | Elf:3    | Found the +8 whip "Snakebite" {curare, rPois}
 49602 | Elf:3    | XOM: swap monsters
 49649 | Elf:3    | XOM: mild Tloc miscast
 49653 | Elf:3    | XOM: polymorph deep elf sorcerer -> emperor scorpion
 50168 | Elf:3    | XOM: 2-stop teleportation journey
 50475 | Elf:3    | Noticed Aizul
 50491 | Elf:3    | Killed Aizul
 50696 | Elf:3    | Reached XP level 19. HP: 104/222 MP: 23/23
 50972 | Elf:3    | XOM: 6-stop teleportation journey
 50978 | Elf:3    | XOM: potion effect (curing)
 50979 | Elf:3    | XOM: cast spell 'Cause Fear'
 51072 | Elf:3    | XOM: 1-stop teleportation journey
 51145 | Elf:3    | Noticed a Brimstone Fiend
 51145 | Elf:3    | XOM: harmless Conj miscast
 51225 | Elf:3    | XOM: summons 3 hostile shadow creatures
 51226 | Elf:3    | XOM: polymorph deep elf sorcerer -> emperor scorpion
 51235 | Elf:3    | XOM: give mutation
 51247 | Elf:3    | XOM: polymorph emperor scorpion -> quicksilver dragon
 51264 | Elf:3    | XOM: swap monsters
 51640 | Elf:2    | XOM: noise
 51767 | Elf:2    | XOM: summons 9 hostile demons
 52142 | Elf:3    | XOM: give mutations
 52142 | Elf:3    | Lost mutation: You possess an exceptional clarity of mind. [Xom's mischief]
 52142 | Elf:3    | Lost mutation: Your muscles are strong. (Str +2) [Xom's mischief]
 52142 | Elf:3    | Lost mutation: You are partially covered in molten scales. (AC +2) [Xom's mischief]
 52158 | Elf:3    | XOM: destruction
 52181 | Elf:3    | XOM: confuse monster(s)
 52182 | Elf:3    | XOM: summons friendly shadow imp
 52188 | Elf:3    | XOM: summons friendly crimson imp
 52236 | Elf:3    | XOM: cleaving
 52259 | Elf:3    | Reached skill level 21 in Maces & Flails
 52282 | Elf:3    | XOM: confuse monster(s)
 52285 | Elf:3    | XOM: enchant monster (good)
 52318 | Elf:3    | Got a scintillating glass ring
 52320 | Elf:3    | Identified the ring "Tiahefod" {rElec rF++ rN+ Dex-5 Stlth+} (You took it off a deep elf mage on level 3 of the Elven Halls)
 52459 | Elf:3    | XOM: give mutations
 52459 | Elf:3    | Lost mutation: You are extremely resistant to the effects of hostile enchantments. (MR+++) [Xom's mischief]
 52459 | Elf:3    | Gained mutation: Scrolls take you a little longer to read. [Xom's mischief]
 52488 | Elf:3    | XOM: summons 16 friendly demons
 52524 | Elf:3    | XOM: summons friendly crimson imp
 52570 | Elf:3    | Noticed a Brimstone Fiend
 52575 | Elf:3    | Got a warped bronze ring
 52591 | Elf:3    | Identified the ring "Tinampit" {rPois Dex+3 Stlth+} (You took it off a deep elf high priest on level 3 of the Elven Halls)
 52705 | Elf:3    | XOM: give mutations
 52705 | Elf:3    | Gained mutation: Your system is resistant to poisons. (rPois) [Xom's grace]
 52705 | Elf:3    | Gained mutation: Your flesh is very heat resistant. (rF++) [Xom's grace]
 52705 | Elf:3    | Gained mutation: You have a pair of large horns on your head. [Xom's grace]
 52746 | Elf:3    | Got slimy pearl dragon scales
 52757 | Elf:3    | Identified the +0 pearl dragon scales of Ziczasea {+Inv rElec rC- rN+ Stlth+} (You found it on level 3 of the Elven Halls)
 53167 | Elf:3    | XOM: cloud trail
 53646 | Shoals:4 | Noticed Polyphemus
 53661 | Shoals:4 | XOM: polymorph merfolk impaler -> something unseen
 53677 | Shoals:3 | XOM: enchant monster (good)
 53797 | Shoals:3 | XOM: mild Fire miscast
 53817 | Shoals:4 | XOM: summons friendly shadow imp
 53843 | Shoals:4 | Killed Polyphemus
 53894 | Shoals:4 | Noticed drevant's ghost (adept DsAK)
 53917 | Shoals:4 | XOM: noise
 53919 | Shoals:4 | Killed drevant's ghost
 53936 | Shoals:4 | XOM: cleaving
 53945 | Shoals:4 | XOM: scenery: create altars
 53955 | Shoals:4 | XOM: mild Air miscast
 54095 | Shoals:4 | XOM: divination: magic mapping
 54155 | Shoals:4 | Killed Nikola
 54165 | Shoals:4 | Noticed Ilsuiw
 54514 | Shoals:4 | XOM: confuse monster(s)
 54526 | Shoals:4 | XOM: noise
 54530 | Shoals:4 | XOM: cast spell 'Ring of Flames'
 54538 | Shoals:4 | XOM: enchant monster (good)
 54807 | Shoals:4 | XOM: divination: detect creatures
 54808 | Shoals:4 | XOM: cast spell 'Olgreb's Toxic Radiance'
 54891 | Shoals:4 | Noticed Kirke
 54892 | Shoals:4 | XOM: potion effect (might)
 54900 | Shoals:4 | XOM: divination: detect creatures
 54902 | Shoals:4 | Killed Kirke
 54914 | Shoals:4 | XOM: noise
 54924 | Shoals:4 | XOM: potion effect (curing)
 54927 | Shoals:3 | XOM: cast spell 'Summon Butterflies'
 54930 | Shoals:3 | Killed Ilsuiw
 54939 | Shoals:4 | XOM: potion effect (brilliance)
 54941 | Shoals:4 | XOM: silly message
 55023 | Shoals:4 | Found Jaupt's Book Shoppe.
 55036 | Shoals:4 | Found the +3 giant club "Skullcrusher" {speed, Str+7}
 55195 | Shoals:4 | XOM: confuse monster(s)
 55264 | Shoals:4 | Identified the Catalogue of Twisted Companions
 55297 | Shoals:4 | XOM: cloud trail
 55366 | Shoals:4 | Got a barnacled rune of Zot
 55402 | Shoals:4 | XOM: mild Tmut miscast
 55415 | Shoals:4 | XOM: confuse monster(s)
 55418 | Shoals:4 | XOM: cast spell 'Olgreb's Toxic Radiance'
 55420 | Shoals:4 | XOM: confusion
 55434 | Shoals:4 | XOM: harmless Erth miscast
 55444 | Shoals:4 | XOM: enchant monster (bad)
 55452 | Shoals:4 | XOM: divination: detect creatures
 55507 | Shoals:4 | XOM: cloud trail
 55624 | Shoals:4 | XOM: noise
 55715 | Shoals:4 | XOM: potion effect (haste)
 55723 | Shoals:4 | Reached XP level 20. HP: 204/231 MP: 24/24
 56266 | Vaults:1 | Entered Level 1 of the Vaults
 56447 | Vaults:1 | Reached skill level 18 in Shields
 56532 | Vaults:1 | XOM: potion effect (might)
 56532 | Vaults:1 | Gained mutation: Scrolls take you longer to read. [a neqoxec]
 56535 | Vaults:1 | Lost mutation: You are agile. (Dex +2) [a neqoxec]
 56547 | Vaults:1 | XOM: potion effect (curing)
 56556 | Vaults:1 | XOM: potion effect (agility)
 57105 | Vaults:1 | XOM: silly message
 57111 | Vaults:1 | XOM: potion effect (might)
 57119 | Vaults:1 | XOM: potion effect (haste)
 57151 | Vaults:1 | XOM: divination: detect creatures
 57239 | Vaults:1 | XOM: polymorph vault warden -> azure jelly
 57270 | Vaults:1 | Found a flickering gateway to a bazaar.
 57279 | Bazaar   | Entered a bazaar
 57297 | Bazaar   | Found Tisogoak's Armour Emporium.
 57341 | Bazaar   | Found Bireugy's Armour Shoppe.
 57341 | Bazaar   | Found Weufuoph's General Store.
 57399 | Bazaar   | Bought the +10 large shield of Ignorance {rN+ Int-4} for 573 gold pieces
 57399 | Bazaar   | Found the +10 large shield of Ignorance {rN+ Int-4}
 57443 | Bazaar   | Bought a potion of haste for 70 gold pieces
 57443 | Bazaar   | Bought a scroll of magic mapping for 24 gold pieces
 57443 | Bazaar   | Bought a scroll of teleportation for 21 gold pieces
 57449 | Bazaar   | Bought the +1 scale mail of Fun {rElec rF++ rC-} for 469 gold pieces
 57522 | Vaults:1 | XOM: 3-stop teleportation journey
 57563 | Vaults:1 | XOM: scenery: 1 doors open
 57568 | Vaults:1 | XOM: potion effect (berserk rage)
 57944 | Vaults:1 | XOM: give mutation
 57944 | Vaults:1 | Gained mutation: You are surrounded by a mild repulsion field. (EV +2) [Xom's grace]
 57951 | Vaults:1 | XOM: fog
 58102 | Vaults:1 | XOM: scenery: 3 doors close
 58169 | Vaults:1 | XOM: summons 1 hostile shadow creature
 58204 | Vaults:1 | XOM: harmless Hex miscast
 58348 | Vaults:2 | Found a ruined gateway.
 58367 | Vaults:2 | XOM: divination: detect creatures
 58477 | Vaults:2 | XOM: potion effect (invisibility)
 58488 | Vaults:2 | XOM: cleaving
 58582 | Vaults:2 | XOM: enchant monster (good)
 58609 | Vaults:2 | XOM: cast spell 'Alistair's Intoxication'
 58625 | Vaults:2 | XOM: confuse monster(s)
 58752 | Vaults:2 | XOM: confuse monster(s)
 58811 | Vaults:2 | XOM: mild Chrm miscast
 58837 | Desolati | Entered the Desolation of Salt
 58899 | Desolati | Reached skill level 21 in Shields
 58944 | Desolati | XOM: scenery: create altars
 58954 | Desolati | Got a faintly glowing bone amulet
 58988 | Desolati | Identified the amulet of Jovapev {Faith rN+ MP+9} (You found it in the Desolation of Salt)
 59298 | Desolati | XOM: 5-stop teleportation journey
 59549 | Desolati | XOM: destruction
 59568 | Desolati | XOM: silly message
 59585 | Desolati | XOM: scenery: create altars
 59633 | Desolati | XOM: medium Tmut miscast
 59655 | Desolati | Got a vibrating pewter ring
 59662 | Desolati | Identified the ring of the Unstoppable Lies {AC+5 Dex+3} (You found it in the Desolation of Salt)
 59698 | Desolati | XOM: chaos cloud
 59721 | Desolati | XOM: potion effect (brilliance)
 59750 | Desolati | XOM: divination: detect creatures
 59861 | Desolati | XOM: divination: detect items
 59996 | Desolati | Reached XP level 21. HP: 199/241 MP: 25/25
 60007 | Desolati | Got a sparkling brass ring
 60018 | Desolati | Identified Sif Muna's Disquisition on Scorching Malediction
 60025 | Desolati | Identified the Compendium of Icy Battle Magic
 60029 | Desolati | Identified the Volume of the Butterfly
 60069 | Desolati | Identified the ring of Hedonism {Wiz *Contam rElec Str+9 Slay+5} (You found it in the Desolation of Salt)
 60359 | Desolati | Got a clouded lapis lazuli ring
 60411 | Desolati | Identified the ring of Qasair {rN+ Dex+3} (You found it in the Desolation of Salt)
 60618 | Desolati | XOM: harmless Tmut miscast
 60999 | Vaults:2 | XOM: divination: detect creatures
 61020 | Vaults:2 | XOM: harmless Fire miscast
 61045 | Vaults:2 | XOM: noise
 61477 | Vaults:2 | XOM: summons 9 hostile demons
 61499 | Vaults:2 | XOM: enchant monster (bad)
 61503 | Vaults:2 | XOM: mild Conj miscast
 61516 | Vaults:2 | XOM: chaos upgrade
 61519 | Vaults:2 | XOM: summons 5 hostile demons
 61686 | Vaults:2 | XOM: harmless Tmut miscast
 61815 | Vaults:3 | XOM: stat loss: -1 Str (28/29)
 61818 | Vaults:3 | XOM: divine lightning
 61833 | Vaults:3 | XOM: confuse monster(s)
 62020 | Vaults:3 | XOM: divination: detect creatures
 62036 | Vaults:3 | XOM: summons 3 friendly demons
 62050 | Vaults:3 | XOM: 2-stop teleportation journey
 62151 | Vaults:3 | XOM: enchant monster (good)
 62159 | Vaults:3 | XOM: scenery: 2 doors open, 2 doors close
 62247 | Vaults:3 | Reached skill level 24 in Shields
 62277 | Vaults:3 | XOM: fog
 62282 | Vaults:3 | XOM: scenery: 3 doors close
 62414 | Vaults:3 | XOM: confuse monster(s)
 62458 | Vaults:3 | XOM: medium Conj miscast
 62599 | Vaults:3 | Found a staircase to the Crypt.
 62638 | Vaults:3 | XOM: medium Erth miscast
 62930 | Vaults:3 | XOM: give mutation
 62930 | Vaults:3 | Gained mutation: Your spells are a little harder to cast, but a little more powerful. [Xom's grace]
 63416 | Vaults:4 | Noticed Boris
 63416 | Vaults:4 | XOM: cleaving
 63424 | Vaults:4 | Killed Boris
 63424 | Vaults:4 | Reached XP level 22. HP: 248/250 MP: 26/26
 63587 | Vaults:4 | XOM: divination: detect creatures
 63593 | Vaults:4 | XOM: destruction
 63622 | Vaults:4 | XOM: enchant monster (good)
 63631 | Vaults:4 | XOM: noise
 63830 | Vaults:4 | XOM: enchant monster (bad)
 63833 | Vaults:4 | XOM: fog
 63847 | Vaults:4 | XOM: polymorph ironbrand convoker -> manticore
 63852 | Vaults:4 | XOM: chaos upgrade
 63860 | Vaults:4 | XOM: swap monsters
 63868 | Vaults:4 | XOM: silly message
 63912 | Vaults:4 | XOM: stat loss: -1 Int (4/5)
 63979 | Vaults:4 | XOM: summons friendly quasit
 64085 | Vaults:4 | Noticed Mennas
 64201 | Vaults:4 | XOM: summons 6 friendly demons
 64212 | Vaults:4 | Killed Mennas
 64313 | Vaults:4 | Noticed Bai Suzhen
 64331 | Vaults:4 | XOM: enchant monster (bad)
 64334 | Vaults:4 | Killed Bai Suzhen
 64849 | D:6      | Bought a manual of Dodging for 1545 gold pieces
 65120 | Depths:1 | XOM: noise
 65120 | Depths:1 | Entered Level 1 of the Depths
 65171 | Depths:1 | XOM: blink monster(s)
 65179 | Depths:1 | XOM: polymorph red very ugly thing -> iron giant
 65185 | Depths:1 | XOM: cleaving
 65204 | Depths:1 | XOM: give mutations
 65204 | Depths:1 | Gained mutation: You are somewhat resistant to further mutation. [Xom's grace]
 65204 | Depths:1 | Gained mutation: Your flesh is almost immune to the effects of heat. (rF+++) [Xom's grace]
 65204 | Depths:1 | Gained mutation: Your muscles are strong. (Str +2) [Xom's grace]
 65227 | Depths:1 | XOM: potion effect (brilliance)
 65237 | Depths:1 | XOM: enchant monster (good)
 65241 | Depths:1 | XOM: potion effect (berserk rage)
 65255 | Depths:1 | XOM: potion effect (might)
 65258 | Depths:1 | XOM: divination: magic mapping
 65282 | Depths:1 | XOM: divination: detect items
 65284 | Depths:1 | XOM: harmless Ice miscast
 65485 | Depths:1 | XOM: harmless Conj miscast
 65516 | Depths:1 | Found Calaluic's Jewellery Emporium.
 65516 | Depths:1 | Found Puebyp's Gadget Boutique.
 65517 | Depths:1 | Found Pethoiw's Gadget Boutique.
 65555 | Depths:1 | Found a gateway to Hell.
 65555 | Depths:1 | XOM: potion effect (magic)
 65664 | Depths:1 | Reached skill level 18 in Dodging
 65664 | Depths:1 | XOM: potion effect (might)
 65795 | Depths:1 | XOM: potion effect (invisibility)
 65804 | Depths:1 | XOM: potion effect (invisibility)
 65853 | Depths:1 | Noticed the Enchantress
 65854 | Depths:1 | XOM: summons 4 hostile shadow creatures
 65870 | Depths:1 | Killed the Enchantress
 65877 | Depths:1 | XOM: swap monsters
 65896 | Depths:1 | XOM: blink monster(s)
 65901 | Depths:1 | XOM: enchant monster (good)
 65922 | Depths:1 | XOM: noise
 66040 | Depths:1 | Found a one-way gate to the infinite horrors of the Abyss.
 66058 | Depths:1 | XOM: give mutation
 66058 | Depths:1 | Gained mutation: You possess an exceptional clarity of mind. [Xom's grace]
 66250 | Depths:1 | XOM: cast spell 'Summon Hydra'
 66438 | Depths:2 | XOM: scenery: create altars
 66447 | Depths:2 | Paralysed by a floating eye for 3 turns
 66452 | Depths:2 | XOM: divination: detect creatures
 66453 | Depths:2 | XOM: summons 4 friendly demons
 66613 | Depths:2 | Reached XP level 23. HP: 258/258 MP: 27/27
 66615 | Depths:2 | XOM: summons 2 friendly demons
 66707 | Depths:2 | XOM: scenery: create altars
 66732 | Depths:2 | XOM: divination: detect items
 66926 | Depths:2 | Got a brightly glowing wooden ring
 66930 | Depths:2 | Identified the ring "Vazxefai" {rN+ Str+3} (You found it on level 2 of the Depths)
 66984 | Depths:2 | XOM: summons 5 friendly demons
 67003 | Depths:2 | XOM: summons 7 friendly demons
 67005 | Depths:2 | XOM: confuse monster(s)
 67022 | Depths:2 | XOM: destruction
 67049 | Depths:2 | XOM: destruction
 67248 | Depths:2 | Identified the Catalogue of the Congealing Entourage
 67375 | Depths:2 | XOM: torment (156/260 hp)
 67448 | Depths:2 | Got a steaming granite ring
 67452 | Depths:2 | Identified the ring of Inaec {*Tele rElec rN+++ Stlth-} (You found it on level 2 of the Depths)
 67485 | Depths:2 | Got a heavily runed iron ring
 67488 | Depths:2 | Identified the ring of Gioq {rF- rC++ Int+5 Stlth-} (You found it on level 2 of the Depths)
 67515 | Depths:2 | XOM: summons 2 friendly demons
 67555 | Depths:2 | Identified the amulet of Brawl {Fragile +Inv rF+ Regen+} (You found it on level 2 of the Depths)
 67558 | Depths:2 | Identified the amulet of Quett {+Rage rF+} (You found it on level 2 of the Depths)
 67757 | Depths:2 | XOM: harmless Conj miscast
 67887 | Depths:3 | XOM: confuse monster(s)
 67948 | Depths:3 | XOM: scenery: create altars
 67973 | Depths:3 | XOM: fake destruction
 67976 | Depths:3 | Paralysed by a floating eye for 3 turns
 67977 | Depths:3 | XOM: potion effect (haste)
 67991 | Depths:3 | Reached skill level 21 in Fighting
 68009 | Depths:3 | XOM: cast spell 'Summon Hydra'
 68020 | Depths:3 | Reached skill level 24 in Maces & Flails
 68026 | Depths:3 | XOM: scenery: create altars
 68033 | Depths:3 | Paralysed by a floating eye for 2 turns
 68034 | Depths:3 | XOM: cleaving
 68048 | Depths:3 | XOM: polymorph spriggan air mage -> azure jelly
 68055 | Depths:3 | Paralysed by a floating eye for 2 turns
 68070 | Depths:3 | XOM: cast spell 'Summon Hydra'
 68078 | Depths:3 | XOM: potion effect (heal wounds)
 68113 | Depths:3 | XOM: confuse monster(s)
 68114 | Depths:3 | Paralysed by a floating eye for 3 turns
 68128 | Depths:3 | XOM: divination: detect creatures
 68148 | Depths:3 | XOM: potion effect (agility)
 68150 | Depths:3 | XOM: enchant monster (good)
 68155 | Depths:3 | XOM: 1-stop teleportation journey
 68253 | Depths:3 | XOM: cast spell 'Monstrous Menagerie'
 68260 | Depths:3 | Noticed Jorgrun
 68261 | Depths:3 | XOM: enchant monster (bad)
 68265 | Depths:3 | Killed Jorgrun
 68330 | Depths:3 | Found a gateway to a ziggurat.
 68473 | Depths:3 | XOM: harmless Ice miscast
 68588 | Depths:3 | XOM: 3-stop teleportation journey
 68737 | Depths:4 | XOM: noise
 68777 | Depths:4 | XOM: cast spell 'Leda's Liquefaction'
 68969 | Depths:4 | Reached XP level 24. HP: 277/277 MP: 27/27
 69211 | Depths:4 | XOM: potion effect (berserk rage)
 69246 | Depths:4 | XOM: potion effect (brilliance)
 69866 | Depths:4 | XOM: potion effect (berserk rage)
 70014 | Depths:4 | Found a runed door.
 70014 | Depths:4 | Found a runed door.
 70074 | Depths:4 | XOM: divination: magic mapping
 70102 | Depths:4 | XOM: cloud trail
 70220 | Depths:4 | Identified the ring "Jeangoal" {rPois MR+ Int+3 Dex+4} (You took it off a deep elf demonologist on level 4 of the Depths)
 70324 | Depths:4 | XOM: divination: detect items
 70331 | Depths:4 | XOM: silly message
 70345 | Depths:4 | XOM: noise
 70349 | Depths:4 | XOM: summons friendly crimson imp
 70634 | Depths:4 | XOM: blink monster(s)
 70642 | Depths:4 | XOM: cast spell 'Summon Small Mammal'
 70648 | Depths:4 | XOM: divination: magic mapping
 70657 | Depths:4 | XOM: harmless Air miscast
 70836 | Depths:5 | Entered Level 5 of the Depths
 71090 | Depths:5 | XOM: cast spell 'Death Channel'
 71099 | Depths:5 | XOM: silly message
 71136 | Depths:5 | Reached XP level 25. HP: 292/294 MP: 27/27
 71142 | Depths:5 | XOM: polymorph polar bear -> blink frog
 71159 | Depths:5 | Reached skill level 24 in Fighting
 71226 | Depths:5 | Identified the +8 arbalest "Xaew" {elec, rElec rC++} (You found it on level 5 of the Depths)
 71283 | Depths:5 | XOM: scenery: create altars
 71286 | Depths:5 | XOM: chaos upgrade
 71308 | Depths:5 | XOM: polymorph green draconian -> catoblepas
 71428 | Depths:5 | Found a gate to the Realm of Zot.
 71551 | Depths:5 | XOM: mild Erth miscast
 72256 | Crypt:1  | Entered Level 1 of the Crypt
 72381 | Crypt:1  | XOM: scenery: create altars
 72503 | Crypt:1  | XOM: god gift: scroll of summoning {god gift}
 72545 | Crypt:1  | XOM: give mutations
 72545 | Crypt:1  | Gained mutation: You passively map a small area around you. [Xom's grace]
 72545 | Crypt:1  | Gained mutation: Your flesh is very cold resistant. (rC++) [Xom's grace]
 72545 | Crypt:1  | Lost mutation: Scrolls take you longer to read. [Xom's grace]
 72545 | Crypt:1  | Lost mutation: Scrolls take you a little longer to read. [Xom's grace]
 72545 | Crypt:1  | Gained mutation: You have supernaturally acute eyesight. (SInv) [Xom's grace]
 72545 | Crypt:1  | Gained mutation: You have razor-sharp toenails. [Xom's grace]
 72626 | Crypt:1  | XOM: swap monsters
 72641 | Crypt:1  | XOM: harmless Erth miscast
 72650 | Crypt:1  | Reached skill level 27 in Maces & Flails
 72681 | Crypt:1  | XOM: confuse monster(s)
 73036 | Crypt:2  | XOM: mild Pois miscast
 73043 | Crypt:2  | XOM: polymorph necromancer -> wolf spider
 73054 | Crypt:2  | XOM: summons 3 hostile demons
 73225 | Crypt:2  | Found a basalt altar of Yredelemnul.
 73243 | Crypt:2  | XOM: harmless Fire miscast
 73360 | Crypt:2  | XOM: summons 3 hostile shadow creatures
 73556 | Crypt:3  | Entered Level 3 of the Crypt
 73835 | Crypt:3  | XOM: fog
 73983 | Crypt:3  | Found the +4 Vampire's Tooth {vamp}
 74015 | Crypt:3  | XOM: enchant monster (good)
 74325 | Crypt:3  | XOM: enchant monster (bad)
 74336 | Crypt:3  | XOM: blink monster(s)
 74426 | Crypt:3  | Found a staircase to the Tomb.
 74595 | Crypt:3  | Found an ancient bone altar of Kikubaaqudgha.
 74602 | Crypt:3  | XOM: enchant monster (bad)
 74782 | Crypt:3  | Noticed an ancient lich
 74802 | Crypt:3  | Killed an ancient lich
 74851 | Crypt:3  | Identified the +8 morningstar of Awkoran {drain, rC+ Dex+6} (You found it on level 3 of the Crypt)
 74857 | Crypt:3  | Identified the amulet "Huxionnev" {Regen+ Int+2} (You found it on level 3 of the Crypt)
 74858 | Crypt:3  | Identified the ring "Jytojak" {rPois rN+ Int+4 Dex-3} (You found it on level 3 of the Crypt)
 74921 | Crypt:3  | XOM: swap monsters
 75134 | Crypt:3  | Reached skill level 6 in Stealth
 75217 | Crypt:3  | Identified the Compendium of Creative Displacement
 75630 | Crypt:2  | XOM: stat loss: -1 Int (5/6)
 76063 | Slime:1  | Entered Level 1 of the Pits of Slime
 76160 | Slime:1  | XOM: mild Erth miscast
 76220 | Slime:1  | XOM: mild Tloc miscast
 76299 | Slime:1  | XOM: give mutations
 76299 | Slime:1  | Lost mutation: You have a pair of large horns on your head. [Xom's mischief]
 76299 | Slime:1  | Lost mutation: Your flesh is very cold resistant. (rC++) [Xom's mischief]
 76299 | Slime:1  | Lost mutation: You are highly resistant to hostile enchantments. (MR++) [Xom's mischief]
 76318 | Slime:1  | XOM: give mutations
 76318 | Slime:1  | Lost mutation: You have razor-sharp toenails. [Xom's mischief]
 76318 | Slime:1  | Lost mutation: You have sharp toenails. [Xom's mischief]
 76318 | Slime:1  | Lost mutation: You can translocate small distances at will. [Xom's mischief]
 76351 | Slime:2  | Reached XP level 26. HP: 275/316 MP: 27/27
 76375 | Slime:2  | XOM: severe Chrm miscast
 76383 | Slime:2  | XOM: give mutations
 76383 | Slime:2  | Lost mutation: You are partially covered in thin metallic scales. (AC +2) [Xom's mischief]
 76383 | Slime:2  | Lost mutation: Your muscles are strong. (Str +2) [Xom's mischief]
 76555 | Slime:2  | XOM: noise
 76640 | Slime:2  | Paralysed by a floating eye for 3 turns
 76651 | Slime:2  | Reached skill level 9 in Stealth
 76786 | Slime:3  | XOM: cast spell 'Cause Fear'
 76993 | Slime:3  | XOM: summons friendly shadow imp
 77049 | Slime:4  | Reached skill level 27 in Fighting
 77125 | Slime:4  | Lost mutation: You have supernaturally acute eyesight. (SInv) [a shining eye]
 77126 | Slime:4  | XOM: scenery: create altars
 77129 | Slime:4  | XOM: confuse monster(s)
 77241 | Slime:5  | Entered Level 5 of the Pits of Slime
 77263 | Slime:5  | XOM: cast spell 'Statue Form'
 77268 | Slime:5  | Noticed the Royal Jelly
 77271 | Slime:5  | Killed the Royal Jelly
 77271 | Slime:5  | Reached skill level 1 in Spellcasting
 77271 | Slime:5  | Reached skill level 1 in Hexes
 77271 | Slime:5  | Reached skill level 1 in Charms
 77285 | Slime:5  | XOM: scenery: create altars
 77310 | Slime:5  | XOM: cleaving
 77350 | Slime:4  | XOM: confuse monster(s)
 77405 | Slime:5  | XOM: summons friendly quasit
 77414 | Slime:5  | XOM: polymorph acid blob -> shadow dragon
 77495 | Slime:5  | XOM: destruction
 77520 | Slime:5  | XOM: cast spell 'Cause Fear'
 77639 | Slime:5  | XOM: divination: detect items
 77715 | Slime:5  | Reached skill level 3 in Spellcasting
 77715 | Slime:5  | Reached skill level 3 in Hexes
 77715 | Slime:5  | Reached skill level 3 in Charms
 77762 | Slime:5  | Got a slimy rune of Zot
 77808 | Slime:5  | Identified the ring of Qackiec {rPois Str+3} (You found it on level 5 of the Pits of Slime)
 77810 | Slime:5  | Identified the ring of Attitude {*Drain rF+ AC+1 Slay+4} (You found it on level 5 of the Pits of Slime)
 77831 | Slime:5  | Identified the +5 scale mail of Weirdness {SInv} (You found it on level 5 of the Pits of Slime)
 78200 | D:11     | XOM: scenery: create altars
 78486 | Vaults:5 | Entered Level 5 of the Vaults
 78522 | Vaults:5 | XOM: confuse monster(s)
 78563 | Vaults:5 | XOM: confuse monster(s)
 78566 | Vaults:5 | XOM: cast spell 'Summon Hydra'
 78671 | Vaults:5 | Got a silver rune of Zot
 78673 | Vaults:5 | Identified the cursed +0 plate armour "Kym Niomu" {rPois Slay-4 Stlth+} (You found it on level 5 of the Vaults)
 78683 | Vaults:5 | XOM: cleaving
 78693 | Vaults:5 | XOM: summons friendly shadow imp
 78855 | Vaults:5 | XOM: divination: detect creatures
 78869 | Vaults:5 | XOM: harmless Ice miscast
 78886 | Vaults:5 | XOM: summons friendly white imp
 78895 | Vaults:5 | XOM: scenery: create altars
 78897 | Vaults:5 | XOM: enchant monster (bad)
 78926 | Vaults:5 | XOM: enchant monster (good)
 78937 | Vaults:5 | Reached XP level 27. HP: 275/327 MP: 29/29
 79109 | Vaults:5 | Identified the +2 leather armour of Inevitability {rC+} (You took it off a tengu reaver on level 5 of the Vaults)
 79110 | Vaults:5 | Identified the amulet of Gaagimit {RegenMP rPois Int+2 Stlth+} (You took it off a tengu reaver on level 5 of the Vaults)
 79156 | Vaults:5 | Identified the ring of the Hero {*Slow rF+ rN++ Int+4} (You took it off a vault sentinel on level 5 of the Vaults)
 79224 | Vaults:5 | Noticed an ancient lich
 79224 | Vaults:5 | XOM: cast spell 'Statue Form'
 79233 | Vaults:5 | Killed an ancient lich
 79233 | Vaults:5 | Reached skill level 6 in Hexes
 79233 | Vaults:5 | Reached skill level 6 in Charms
 79519 | Vaults:5 | Identified Sif Muna's Almanac of Creative Curses
 79604 | Vaults:5 | XOM: mild Hex miscast
 79829 | Vaults:5 | Identified the cursed +0 ring mail of Neojuiwo {Int+2} (You found it on level 5 of the Vaults)
 79851 | Vaults:5 | XOM: harmless Conj miscast
 80036 | Vaults:5 | Identified the ring "Sam Ryrph" {MR+ Int+2} (You took it off a yaktaur on level 5 of the Vaults)
 80467 | Vaults:2 | XOM: divination: magic mapping
 80816 | D:15     | XOM: mild Chrm miscast
 80908 | Zot:1    | Entered Level 1 of the Realm of Zot
 80923 | Zot:1    | XOM: cast spell 'Summon Ice Beast'
 81011 | Zot:1    | XOM: enchant monster (bad)
 81100 | Zot:2    | XOM: swap monsters
 81114 | Zot:2    | XOM: give mutations
 81114 | Zot:2    | Lost mutation: Your flesh is cold resistant. (rC+) [Xom's mischief]
 81114 | Zot:2    | Lost mutation: You are resistant to hostile enchantments. (MR+) [Xom's mischief]
 81114 | Zot:2    | Lost mutation: Your system is resistant to poisons. (rPois) [Xom's mischief]
 81114 | Zot:2    | Lost mutation: You are very robust. (+20% HP) [Xom's mischief]
 81294 | Zot:2    | XOM: severe Hex miscast
 81440 | Zot:3    | XOM: chaos upgrade
 81452 | Zot:3    | XOM: potion effect (agility)
 81455 | Zot:3    | XOM: potion effect (brilliance)
 81472 | Zot:3    | XOM: cast spell 'Summon Small Mammal'
 81475 | Zot:3    | XOM: divination: detect creatures
 81481 | Zot:3    | XOM: silly message
 81499 | Zot:3    | XOM: cast spell 'Leda's Liquefaction'
 81504 | Zot:3    | XOM: divination: detect items
 81507 | Zot:3    | XOM: fog
 81515 | Zot:3    | XOM: summons friendly white imp
 81785 | Zot:3    | XOM: fake destruction
 81966 | Zot:3    | XOM: summons friendly quasit
 81974 | Zot:3    | XOM: destruction
 81977 | Zot:3    | XOM: confuse monster(s)
 81989 | Zot:3    | XOM: confuse monster(s)
 81994 | Zot:3    | Reached skill level 9 in Hexes
 82000 | Zot:3    | Reached skill level 9 in Charms
 82203 | Zot:3    | XOM: god gift: 19 stones {god gift}
 82245 | Zot:3    | XOM: enchant monster (good)
 82562 | Zot:4    | XOM: noise
 82607 | Zot:4    | XOM: cleaving
 82612 | Zot:4    | XOM: 2-stop teleportation journey
 82773 | Zot:4    | XOM: harmless Hex miscast
 82839 | Zot:4    | XOM: draining
 82848 | Zot:4    | XOM: polymorph shadow dragon -> iron giant
 82852 | Zot:4    | XOM: 1-stop teleportation journey
 83015 | Zot:4    | XOM: harmless Hex miscast
 83164 | Zot:4    | XOM: noise
 83209 | Zot:5    | Entered Level 5 of the Realm of Zot
 83342 | Zot:5    | XOM: summons 4 friendly demons
 83381 | Zot:5    | Noticed an ancient lich
 83390 | Zot:5    | Killed an ancient lich
 83411 | Zot:5    | XOM: stat loss: -1 Int (8/9)
 83461 | Zot:5    | Noticed an ancient lich
 83466 | Zot:5    | XOM: chaos cloud
 83477 | Zot:5    | Noticed an orb of fire
 83481 | Zot:5    | Killed an orb of fire
 83511 | Zot:5    | XOM: cleaving
 83512 | Zot:5    | Killed an orb of fire
 83600 | Zot:5    | Killed an ancient lich
 83606 | Zot:5    | Noticed an ancient lich
 83612 | Zot:5    | Killed an ancient lich
 83614 | Zot:5    | XOM: mild Ice miscast
 83698 | Zot:5    | XOM: fake destruction
 83703 | Zot:5    | XOM: polymorph Killer Klown -> shard shrike
 83715 | Zot:5    | XOM: harmless Air miscast
 83718 | Zot:5    | XOM: noise
 83724 | Zot:5    | XOM: enchant monster (good)
 83871 | Zot:4    | XOM: divination: detect creatures
 84158 | Zot:4    | XOM: medium Pois miscast
 84390 | Zot:5    | XOM: 1-stop teleportation journey
 84394 | Zot:5    | XOM: 5-stop teleportation journey
 84395 | Zot:5    | Noticed an orb of fire
 84403 | Zot:5    | Killed an orb of fire
 84403 | Zot:5    | Reached skill level 12 in Hexes
 84403 | Zot:5    | Reached skill level 12 in Charms
 84403 | Zot:5    | XOM: enchant monster (good)
 84433 | Zot:5    | XOM: summons 12 friendly demons
 84464 | Zot:5    | XOM: cleaving
 84547 | Zot:5    | XOM: fake destruction
 84564 | Zot:5    | XOM: scenery: create altars
 84605 | Zot:5    | XOM: summons 14 friendly demons
 84614 | Zot:5    | Got the Orb of Zot
 84640 | Zot:5    | Noticed Paovu the pandemonium lord
 84647 | Zot:5    | Killed Paovu the pandemonium lord
 84660 | Zot:5    | XOM: fog
 84686 | Zot:5    | XOM: summons 7 friendly demons
 84703 | Zot:5    | XOM: enchant monster (good)
 84706 | Zot:5    | XOM: destruction
 84709 | Zot:5    | XOM: divine lightning
 84711 | Zot:5    | XOM: summons 3 hostile demons
 84722 | Zot:5    | XOM: swap monsters
 84875 | Zot:5    | XOM: summons 12 friendly demons
 84954 | Zot:5    | Noticed Bovurium the pandemonium lord
 85036 | Zot:3    | XOM: give mutations
 85036 | Zot:3    | Gained mutation: You are partially covered in molten scales. (AC +2) [Xom's grace]
 85036 | Zot:3    | Gained mutation: You are somewhat resistant to both further mutation and mutation removal. [Xom's grace]
 85036 | Zot:3    | Gained mutation: You are resistant to hostile enchantments. (MR+) [Xom's grace]
 85240 | Zot:3    | XOM: 2-stop teleportation journey
 85263 | Zot:3    | XOM: fog
 85297 | Zot:3    | XOM: polymorph quicksilver dragon -> deep troll
 85305 | Zot:3    | XOM: polymorph deep troll -> sea snake
 85582 | Zot:3    | Noticed Zaabbik the pandemonium lord
 85585 | Zot:3    | XOM: enchant monster (good)
 85600 | Zot:3    | Killed Zaabbik the pandemonium lord
 85706 | Zot:2    | Noticed Waphel the pandemonium lord
 85706 | Zot:2    | Noticed an ancient lich
 85769 | Zot:1    | XOM: god gift: glowing great mace {god gift}
 85842 | Depths:4 | XOM: give mutations
 85842 | Depths:4 | Gained mutation: You are agile. (Dex +2) [Xom's grace]
 85842 | Depths:4 | Gained mutation: You can translocate small distances at will. [Xom's grace]
 85842 | Depths:4 | Gained mutation: You are very agile. (Dex +4) [Xom's grace]
 85867 | Depths:4 | Noticed Zoliguh the pandemonium lord
 85943 | Depths:2 | XOM: fog
 85946 | Depths:2 | XOM: potion effect (curing)
 86105 | D:15     | XOM: give mutations
 86105 | D:15     | Lost mutation: You are somewhat resistant to both further mutation and mutation removal. [Xom's grace]
 86105 | D:15     | Lost mutation: You are somewhat resistant to further mutation. [Xom's grace]
 86105 | D:15     | Gained mutation: You evolve. [Xom's grace]
 86105 | D:15     | Gained mutation: You are resistant to electric shocks. (rElec) [Xom's grace]
 86131 | D:15     | XOM: scenery: create altars
 86248 | D:14     | XOM: scenery: 2 doors close
 86299 | D:12     | XOM: summons 3 friendly demons
 86360 | D:9      | XOM: confuse monster(s)
 86441 | D:5      | XOM: enchant monster (good)
 86529 | D:1      | XOM: summons 8 friendly demons
 86536 | D:$      | Escaped with the Orb!

Vault maps used:
D:1:      lightli_arrival_noodles
D:2:      nicolae_overflow_hidden_temple, first_bread
D:3:      minmay_ruptured
D:5:      cheibrodos_thug_alley, uniq_pikel
D:6:      lemuel_slime, temple_statues, nicolae_alphabet_shops,
          okawaru_gym_becter
D:7:      ashenzari_altar_1, uniq_duvessa
D:8:      blue_anna_alchemist, uniq_joseph
D:9:      erik_lair_orcish_takeover
D:10:     lemuel_bear_cage, uniq_nergalle
D:11:     amethyst_killhole
D:12:     orc_0_dummy, lightli_fourway_metalbox
D:13:     serial_shops, shop_coins, serial_glass, glass_columns_a,
          glass_columns_b, uniq_nessos
D:14:     david_vaults_2, nicolae_ru_sacrificial_ziggurat, minmay_misc_feat_iff
D:15:     grunt_enter_depths_snipers, minivault_24, lab_entry_generic
Lair:2:   lemuel_fruit_tree, grunt_megastairs_1
Lair:3:   minmay_snake_entry_guardpost_small, lemuel_oklob_altar,
          serial_bayou_shore_a, serial_bayou_shore_b
Lair:4:   shoals_dummy_entry, portal_ice_cave_entry_pillars_2,
          infiniplex_staircase_pool
Lair:5:   basic_altar, nicolae_volcano_entry_batcave
Lair:6:   due_jungle_book, dpeg_slime_entry_enclosed_altar
Shoals:1: nicolae_shoals_water_elemental_grotto, uniq_roxanne, uniq_josephine
Shoals:2: cheibrodos_shoals_three_sisters
Shoals:4: shoals_end_grunt_ice, shoal_ilsuiw, serial_shops, shop,
          nicolae_shoals_kraken_intersection, uniq_kirke, uniq_polyphemus,
          uniq_nikola
Snake:1:  st_stairs_13
Snake:2:  serial_bayou_shore_b, basic_stair_grate_trap
Snake:3:  cheibrodos_toxic_ritual, serial_bayou_pond_a, minmay_shoptagon
Snake:4:  minmay_snake_end_coiled
Orc:2:    pf_orc_diabolical
Elf:1:    minmay_elf_arrival_plus, minmay_elf_crystal_hexagon, st_stairs_7
Elf:2:    serial_shops, bzr_firewalk
Elf:3:    minmay_elf_hall_golems, grunt_ministairs_2, st_stairs_8, uniq_aizul
Vaults:1: hangedman_vaults_maws, v_misc_30, v_misc_32, nicolae_vaults_theta,
          nicolae_vaults_what_the_h, grunt_vaults_trifunnel, vaults_dpeg_hooks,
          v_misc_3, v_misc_24, serial_shops, bzr_entry_islet
Vaults:2: v_misc_9, v_alt_pattern_3, nicolae_vaults_circle_grid_a,
          ontoclasm_vaults_gallery, v_pattern_5,
          nicolae_vaults_little_squares_3, portal_desolation_entry_nicolae_slug
Vaults:3: vaults_room_semicircle, v_misc_12, minmay_crypt_entry_simple_box,
          hangedman_vaults_corner_blocks, nicolae_vaults_little_squares_1,
          ontoclasm_vaults_gateway, vaults_room_stairs_pillars,
          nicolae_vaults_ninety_degrees, ontoclasm_vaults_shuriken,
          vaults_room_boxed, st_octagons_1, hangedman_vaults_slither,
          hangedman_vaults_maws, ontoclasm_vaults_spin
Vaults:4: nicolae_vaults_display_case, grunt_vaults_twisty,
          nicolae_vaults_little_squares_5, hangedman_vaults_corner_blocks,
          vaults_room_grid, vaults_room_corners, hangedman_vaults_trim,
          hangedman_vaults_restitches, vaults_room_ringed_pool, uniq_boris,
          uniq_mennas, uniq_bai_suzhen
Vaults:5: serial_shops
Crypt:1:  roderic_lattice_octagonal_star
Crypt:2:  basic_altar
Crypt:3:  evilmike_haunted_forest
Depths:1: abyss_entry, roderic_roman_lattice, hellmouth_1, serial_column_ruins,
          column_ruins_hut_water, column_ruins_grid_1,
          column_ruins_corridor_plus, column_ruins_corridor_corner,
          column_ruins_open_tiny, column_ruins_grid_4,
          wheals_unrand_guarded_autumn_katana, minmay_shop_grove,
          serial_bayou_shore_b, uniq_enchantress
Depths:2: radiant_caverns_a_rkd, pan_entry, hell_entry
Depths:3: minmay_outward_triangles, enter_ziggurat_f, abyss_entry,
          grunt_pan_entry_spiral, hell_entry, infiniplex_staircase_pool_2,
          kennysheep_random_hallway, uniq_jorgrun
Depths:4: minmay_the_grid_ultimate, hell_entry, abyss_entry, pan_entry
Depths:5: grunt_zot_entry_alcove, corexii_leaking_fountain, abyss_entry,
          grunt_mini_vestibule, kennysheep_flooded_box, lemuel_nasty_fountain
Zot:2:    hangedman_zot_decor_scrapings, basic_stair_grate_trap
Zot:3:    kennysheep_bubbly, hangedman_zot_spectrum
Zot:5:    grunt_ministairs_11
Abyss:2:  hangedman_eye_storm
Lab:      labyrinth_green, nicolae_lab_statue, nicolae_lab_starburst,
          nicolae_lab_stuck, nicolae_lab_flowing_pool, nicolae_lab_arrow,
          labyrinth_skeletal_remains, lab_fountain, labyrinth_glass_2,
          nicolae_lab_garden, nicolae_lab_hexagon, labyrinth_glass_1
Bazaar:   bazaar_minmay_generic_island, bazaar_short_row
IceCv:    ice_cave_statue_garden_teleport
Volcano:  volcano_pools

Skill      XL: |  1  2  3  4  5  6  7  8  9 10 11 12 13 14 15 16 17 18 19 20 21 22 23 24 25 26 27 |
---------------+----------------------------------------------------------------------------------+-----
Fighting       | 4 6 13 15 19 20 22 23 26 27 | 27.0
Maces & Flails | 4 5 6 7 9 11 13 16 20 21 23 24 26 27 | 27.0
Shields        | 1 2 3 4 6 7 10 12 14 15 17 21 24 25 | 25.0
Dodging        | 2 3 4 5 7 9 12 13 15 19 20 | 20.0
Evocations     | 1 5 7 |  7.0
Stealth        | 3 5 7 10 | 10.9
Armour         | 7 11 13 15 | 15.2
Spellcasting   | 5 |  5.0
Hexes          | 5 13 | 13.4
Charms         | 5 13 | 13.4

Action                   |  1- 3 |  4- 6 |  7- 9 | 10-12 | 13-15 | 16-18 | 19-21 | 22-24 | 25-27 || total
-------------------------+-------+-------+-------+-------+-------+-------+-------+-------+-------++-------
Melee: Mace              |    76 |   205 |       |       |       |       |       |       |       ||   281
       Headbutt          |     7 |    31 |    61 |   251 |   435 |   382 |   494 |   478 |   882 ||  3021
       Flail             |       |    15 |   375 |   689 |       |       |       |       |       ||  1079
       Morningstar       |       |       |       |   478 |   568 |       |       |       |       ||  1046
       Eveningstar       |       |       |       |       |   924 |  1554 |  1439 |  1306 |  2254 ||  7477
       Whip              |       |       |       |       |       |       |   201 |       |       ||   201
       Sacred scourge    |       |       |       |       |       |       |       |       |    45 ||    45
       Unarmed           |       |       |       |       |       |       |       |       |     3 ||     3
 Cast: Infusion          |       |       |       |     2 |       |       |       |       |     3 ||     5
       Spectral Weapon   |       |       |       |       |       |       |       |       |    10 ||    10
 Abil: Evoke Berserk Rag |       |       |       |       |     6 |     1 |       |     1 |     1 ||     9
       Evoke Flight      |       |       |       |       |       |     5 |     2 |     5 |       ||    12
       Evoke Invisibilit |       |       |       |       |       |       |     1 |       |       ||     1
Evoke: Wand              |       |     7 |     9 |    24 |     5 |     1 |       |     8 |    27 ||    81
       Box of beasts     |       |       |       |       |       |     1 |       |       |       ||     1
       Lamp of fire      |       |       |       |       |       |       |     1 |       |     1 ||     2
  Use: Potion            |       |     8 |       |     9 |     5 |     4 |     3 |       |    18 ||    47
       Scroll            |       |     4 |     4 |    10 |    13 |     8 |    11 |    10 |    27 ||    87
 Stab: Confused          |       |     4 |     2 |     5 |     7 |     8 |     9 |     9 |    16 ||    60
       Paralysed         |       |     1 |       |       |       |       |       |       |     2 ||     3
       Sleeping          |       |       |       |     2 |     4 |     3 |    12 |     7 |    10 ||    38
       Distracted        |       |       |       |     4 |     1 |     4 |     6 |     4 |     8 ||    27
       Petrifying        |       |       |       |     1 |       |     2 |       |       |       ||     3
       Petrified         |       |       |       |       |       |     2 |     4 |       |     7 ||    13
       Invisible         |       |       |       |       |       |       |     8 |     4 |     3 ||    15
  Eat: Chunk             |     2 |    10 |     9 |    35 |    42 |    30 |    31 |    13 |     3 ||   175
       Fruit             |       |       |     2 |     4 |     8 |    12 |     8 |     3 |     6 ||    43
       Royal jelly       |       |       |     1 |       |     4 |     1 |     3 |       |     1 ||    10
       Bread ration      |       |       |       |       |     1 |     1 |       |     2 |     7 ||    11
       Meat ration       |       |       |       |       |       |       |       |     2 |     2 ||     4
Armor: Leather armour    |    29 |    93 |    72 |   199 |     1 |       |       |       |       ||   394
       Ice dragon scales |       |       |       |       |    40 |       |       |       |       ||    40
       Scale mail        |       |       |       |       |   234 |    96 |       |       |   101 ||   431
       Acid dragon scale |       |       |       |       |     6 |       |       |       |    35 ||    41
       Chain mail        |       |       |       |       |       |   145 |    23 |       |       ||   168
       Swamp dragon scal |       |       |       |       |       |    17 |       |       |       ||    17
       Pearl dragon scal |       |       |       |       |       |       |   116 |       |       ||   116
       Troll leather arm |       |       |       |       |       |       |    16 |    65 |    22 ||   103
       Skin              |       |       |       |       |       |       |       |       |     2 ||     2
Dodge: Dodged            |    39 |   118 |   109 |   339 |   511 |   551 |   356 |   361 |   622 ||  3006
       Deflected         |       |       |       |       |    10 |    65 |    22 |    14 |     6 ||   117
Block: Shield            |    19 |     5 |   237 |   734 |   994 |  1209 |   121 |       |       ||  3319
       Other             |       |    19 |       |       |       |       |       |       |       ||    19
       Reflection        |       |       |     6 |    43 |    51 |   134 |   131 |    78 |    64 ||   507
       Large shield      |       |       |       |       |       |       |  1407 |  1342 |  2587 ||  5336

Table legend:
 A = Spawn XP
 B = Non-spawn XP
 C = Spawn XP percentage of total XP
 D = Spawn monster count
 E = Non-spawn monster count
 F = Spawn count percentage of total count
 G = Total turns spent on level
                    A         B        C        D         E        F      G
               +---------+---------+-------+---------+---------+-------+---------
         Total |     372 | 1932196 |   0.0 |       3 |    2850 |   0.1 | 86536
               +---------+---------+-------+---------+---------+-------+---------
           D:1 |       0 |      22 |   0.0 |       0 |      12 |   0.0 |   521
           D:2 |       0 |      62 |   0.0 |       0 |      25 |   0.0 |  1319
           D:3 |       0 |      72 |   0.0 |       0 |      23 |   0.0 |  1305
           D:4 |       0 |     381 |   0.0 |       0 |      25 |   0.0 |  1126
           D:5 |       0 |    1686 |   0.0 |       0 |      48 |   0.0 |  2120
           D:6 |       0 |     792 |   0.0 |       0 |      32 |   0.0 |   872
           D:7 |       0 |     842 |   0.0 |       0 |      16 |   0.0 |  1575
           D:8 |       0 |    2908 |   0.0 |       0 |      28 |   0.0 |  1311
           D:9 |       0 |    4168 |   0.0 |       0 |      42 |   0.0 |  2900
          D:10 |       0 |    6501 |   0.0 |       0 |      51 |   0.0 |  2512
          D:11 |       0 |    5075 |   0.0 |       0 |      54 |   0.0 |  2218
          D:12 |       0 |    8650 |   0.0 |       0 |      40 |   0.0 |  2469
          D:13 |       0 |    9592 |   0.0 |       0 |      44 |   0.0 |  1385
          D:14 |       0 |   11782 |   0.0 |       0 |      33 |   0.0 |  1859
          D:15 |       0 |   12835 |   0.0 |       0 |      36 |   0.0 |  1260
        Lair:1 |       0 |    2807 |   0.0 |       0 |      11 |   0.0 |   982
        Lair:2 |       0 |    5895 |   0.0 |       0 |      21 |   0.0 |  1013
        Lair:3 |       0 |    4487 |   0.0 |       0 |      16 |   0.0 |  1389
        Lair:4 |       0 |    6333 |   0.0 |       0 |      14 |   0.0 |  1524
        Lair:5 |       0 |    8583 |   0.0 |       0 |      37 |   0.0 |  2003
        Lair:6 |       0 |   12552 |   0.0 |       0 |      29 |   0.0 |  1891
      Shoals:1 |       0 |   13304 |   0.0 |       0 |      32 |   0.0 |  1384
      Shoals:2 |       0 |   17305 |   0.0 |       0 |      34 |   0.0 |  1503
      Shoals:3 |       0 |   25257 |   0.0 |       0 |      47 |   0.0 |  1953
      Shoals:4 |       0 |   50859 |   0.0 |       0 |      67 |   0.0 |  1957
       Snake:1 |       0 |   13568 |   0.0 |       0 |      32 |   0.0 |  1295
       Snake:2 |       0 |   18344 |   0.0 |       0 |      41 |   0.0 |  1485
       Snake:3 |       0 |   26065 |   0.0 |       0 |      48 |   0.0 |  1954
       Snake:4 |       0 |   46740 |   0.0 |       0 |      93 |   0.0 |  2176
       Slime:1 |       0 |    6197 |   0.0 |       0 |      15 |   0.0 |   327
       Slime:2 |       0 |   28050 |   0.0 |       0 |      52 |   0.0 |   390
       Slime:3 |       0 |   17745 |   0.0 |       0 |      27 |   0.0 |   284
       Slime:4 |       0 |   16409 |   0.0 |       0 |      24 |   0.0 |   239
       Slime:5 |       0 |   42154 |   0.0 |       0 |      37 |   0.0 |   752
         Orc:1 |       0 |    1303 |   0.0 |       0 |      26 |   0.0 |   573
         Orc:2 |       0 |   16747 |   0.0 |       0 |      78 |   0.0 |  1802
         Elf:1 |       0 |   19547 |   0.0 |       0 |      31 |   0.0 |  1120
         Elf:2 |       0 |   36381 |   0.0 |       0 |      50 |   0.0 |  2299
         Elf:3 |       0 |   73628 |   0.0 |       0 |      76 |   0.0 |  2894
      Vaults:1 |       0 |   58531 |   0.0 |       0 |      93 |   0.0 |  1633
      Vaults:2 |       0 |   54058 |   0.0 |       0 |      86 |   0.0 |  1792
      Vaults:3 |       0 |   70003 |   0.0 |       0 |     101 |   0.0 |  1819
      Vaults:4 |       0 |   66590 |   0.0 |       0 |      80 |   0.0 |  1192
      Vaults:5 |       0 |  137826 |   0.0 |       0 |     119 |   0.0 |  1890
       Crypt:1 |       0 |   37891 |   0.0 |       0 |      55 |   0.0 |   715
       Crypt:2 |       0 |   10234 |   0.0 |       0 |      21 |   0.0 |   626
       Crypt:3 |       0 |   71657 |   0.0 |       0 |     106 |   0.0 |  2067
      Depths:1 |       0 |   71807 |   0.0 |       0 |      84 |   0.0 |  1571
      Depths:2 |       0 |   56453 |   0.0 |       0 |      98 |   0.0 |  1338
      Depths:3 |       0 |   71821 |   0.0 |       0 |      90 |   0.0 |   932
      Depths:4 |       0 |  152241 |   0.0 |       0 |     108 |   0.0 |  2176
      Depths:5 |       0 |   61820 |   0.0 |       0 |      56 |   0.0 |  1227
         Zot:1 |       0 |   19511 |   0.0 |       0 |      13 |   0.0 |   205
         Zot:2 |       0 |   23524 |   0.0 |       0 |      14 |   0.0 |   618
         Zot:3 |       0 |   62240 |   0.0 |       0 |      45 |   0.0 |  1517
         Zot:4 |       0 |   80773 |   0.0 |       0 |      53 |   0.0 |  1222
         Zot:5 |       0 |  195061 |   0.0 |       0 |      67 |   0.0 |  1300
       Abyss:2 |     372 |       0 | 100.0 |       3 |       0 | 100.0 |   316
           Lab |       0 |    3623 |   0.0 |       0 |      14 |   0.0 |  1387
         IceCv |       0 |    2522 |   0.0 |       0 |      10 |   0.0 |   350
       Volcano |       0 |    5146 |   0.0 |       0 |       6 |   0.0 |   553
    Desolation |       0 |   43236 |   0.0 |       0 |      84 |   0.0 |  1859
               +---------+---------+-------+---------+---------+-------+---------
